 Dungeon Crawl Stone Soup version 0.31-a0-1163-gcee99d1eea (webtiles) character file.

Game seed: 8233833314701366065

1866348 Zonian the Archmage (level 27, 157/157 HPs)
             Began as a Deep Elf Earth Elementalist on Nov 25, 2023.
             Was the Champion of Vehumet.
             Escaped with the Orb
             ... and 4 runes on Dec 9, 2023!
             The game lasted 10:35:20 (114138 turns).

Zonian the Archmage (Deep Elf Earth Elementalist) Turns: 114138, Time: 10:35:20

Health: 157/157    AC: 29    Str:  7    XL:     27
Magic:  57/65      EV: 13    Int: 46    God:    Vehumet [******]
Gold:   7157       SH:  5    Dex: 14    Spells: 0/80 levels left

rFire   . . .        m - +3 Elemental Staff {ele, rElec rF+ rC+ AC+3}
rCold   + + +        O - orb {*channel}
rNeg    . . .        B - quicksilver dragon scales {rare}
rPois   +            d - +2 helmet {Int+3}
rElec   +            j - +4 dragonskin cloak
rCorr   +            E - +2 pair of gloves of Hepliaklqana's Anger {rC+++ Regen+ rCorr Int-5 Dex-4}
SInv    +            b - +1 pair of boots of Experimentation {Regen+ Int+5 Stlth+}
Will    +++..        r - amulet of Muetarr {Reflect Dex+3 SH+5}
Stlth   ++           K - ring of the Empire {Fly rPois Str+2 Int+6}
HPRegen 2.06/turn    J - ring "Geuw Jot" {Wiz MP+9 Str-4 Int+6 SInv}
MPRegen 0.39/turn

%: reflection, wizardry (x1), channel magic (20%)
@: flying, studying Ranged Weapons
A: iridescent scales 1, see invisible, heat vulnerability 1, inability to drink
after injury 1
0: Orb of Zot
}: 4/15 runes: serpentine, barnacled, slimy, silver
a: Renounce Religion


You escaped.
You worshipped Vehumet.
Vehumet was exalted by your worship.
You visited 13 branches of the dungeon, and saw 57 of its levels.
You visited 1 ziggurat, and saw 9 of its levels.
You also visited: Trove, Bailey, Wizlab and Desolation.

You collected 12071 gold pieces.
You spent 4914 gold pieces at shops.


Innate Abilities, Weirdness & Mutations

You are partially covered in iridescent scales. (AC +2)
You have supernaturally acute eyesight. (SInv)
You are vulnerable to heat. (rF-)
You occasionally lose the ability to drink potions when taking damage.


   Skills:
 - Level 12.0 Fighting
 - Level 6.9 Short Blades
 + Level 10.7 Staves
 - Level 5.0 Armour
 - Level 10.0 Dodging
 - Level 9.6 Stealth
 O Level 27 Spellcasting
 + Level 21.9 Conjurations
 - Level 13.1 Necromancy
 - Level 13.7 Translocations
 - Level 16.5 Transmutations
 - Level 12.7 Ice Magic
 + Level 21.4 Air Magic
 - Level 24.2 Earth Magic
 - Level 12.0 Evocations


You couldn't memorise any spells.
You knew the following spells:

 Your Spells              Type           Power      Damage    Failure   Level
a - Sandblast             Erth           100%       2d20      1%          1
b - Stone Arrow           Conj/Erth      100%       3d13      1%          3
c - Maxwell's Capacitive  Air            78%        ∞         1%          8
d - Iskenderun's Mystic   Conj/Tloc      100%       2d19      1%          4
e - Shatter               Erth           81%        3d59*     1%          9
f - Airstrike             Air            78%        2d(12-28) 1%          4
g - Freezing Cloud        Conj/Ice/Air   88%        6-21      1%          5
h - Bombard               Conj/Erth      80%        9d13      1%          6
i - Irradiate             Conj/Tmut      63%        3d32      1%          5
j - Iskenderun's Battles  Conj           100%       2d15      1%          5
k - Lee's Rapid Deconstr  Erth           81%        3d36*     1%          5
l - Borgnjor's Vile Clut  Necr/Erth      75%        N/A       1%          5
m - Orb of Destruction    Conj           66%        9d16      1%          7
n - Dispel Undead         Necr           100%       3d31      1%          4
o - Chain Lightning       Conj/Air       78%        3d104     2%          9

Your spell library contained the following spells:

 Spells                   Type           Power      Damage    Failure   Level
 Fire Storm               Conj/Fire      63%        8d16      61%         9
 Freeze                   Ice            100%       1d10      1%          1
 Kiss of Death            Conj/Necr      100%       2d13      1%          1
 Magic Dart               Conj           100%       1d8       1%          1
 Slow                     Hex            100%       N/A       1%          1
 Blink                    Tloc           100%       N/A       1%          2
 Call Imp                 Summ           100%       N/A       1%          2
 Cigotuvi's Dreadful Rot  Necr/Pois/Air  100%       N/A       1%          2
 Ensorcelled Hibernation  Hex/Ice        100%       N/A       1%          2
 Lesser Beckoning         Tloc           100%       N/A       1%          2
 Passwall                 Tmut/Erth      100%       N/A       1%          2
 Scorch                   Fire           100%       2d9       1%          2
 Searing Ray              Conj           100%       2d8       1%          2
 Static Discharge         Conj/Air       100%       3-8/arc   1%          2
 Sublimation of Blood     Necr           100%       N/A       1%          2
 Wereblood                Tmut           100%       N/A       1%          2
 Dazzling Flash           Conj/Hex       100%       N/A       1%          3
 Frozen Ramparts          Ice            100%       1d16      1%          3
 Gell's Gravitas          Tloc           100%       N/A       1%          3
 Hailstorm                Conj/Ice       100%       3d16      1%          3
 Ignite Poison            Fire/Tmut/Pois 100%       N/A       1%          3
 Inner Flame              Hex/Fire       75%        N/A       1%          3
 Mephitic Cloud           Conj/Pois/Air  100%       N/A       1%          3
 Teleport Other           Tloc           100%       N/A       1%          3
 Vampiric Draining        Necr           100%       2d13      1%          3
 Volatile Blastmotes      Fire/Tloc      100%       2d18      1%          3
 Anguish                  Hex/Necr       44%        N/A       1%          4
 Animate Armour           Summ/Erth      100%       N/A       1%          4
 Animate Dead             Necr           100%       N/A       1%          4
 Brom's Barrelling Bould  Conj/Erth      100%       2d11      1%          4
 Dimensional Bullseye     Hex/Tloc       45%        N/A       1%          4
 Flame Wave               Conj/Fire      100%       2d21      1%          4
 Fulminant Prism          Conj/Hex       52%        3d23      1%          4
 Olgreb's Toxic Radiance  Pois           58%        N/A       1%          4
 Passage of Golubria      Tloc           100%       N/A       1%          4
 Petrify                  Tmut/Erth      100%       N/A       1%          4
 Sticky Flame             Conj/Fire      100%       2d11      1%          4
 Summon Ice Beast         Ice/Summ       100%       N/A       1%          4
 Summon Lightning Spire   Summ/Air       100%       N/A       1%          4
 Alistair's Intoxication  Tmut/Pois      63%        N/A       1%          5
 Fireball                 Conj/Fire      63%        3d24      1%          5
 Yara's Violent Unravell  Hex/Tmut       47%        3d18      1%          5
 Conjure Ball Lightning   Conj/Air       78%        3x3d30    1%          6
 Death Channel            Necr           55%        N/A       1%          6
 Dispersal                Tloc           56%        N/A       1%          6
 Eringya's Noxious Bog    Tmut/Pois      47%        4d6       1%          6
 Simulacrum               Ice/Necr       67%        N/A       1%          6
 Starburst                Conj/Fire      63%        6d17      1%          6
 Spellforged Servitor     Conj/Summ      52%        N/A       1%          7
 Confusing Touch          Hex            58%        N/A       3%          3
 Sigil of Binding         Hex            58%        N/A       3%          3
 Tukima's Dance           Hex            58%        N/A       3%          3
 Cause Fear               Hex            29%        N/A       7%          4
 Summon Mana Viper        Hex/Summ       58%        N/A       16%         5
 Borgnjor's Revivificati  Necr           55%        N/A       16%         8
 Infestation              Necr           55%        N/A       16%         8
 Haunt                    Necr/Summ      44%        N/A       26%         7
 Malign Gateway           Summ/Tloc      45%        N/A       26%         7
 Polar Vortex             Ice            66%        12d8*     41%         9
 Summon Cactus Giant      Summ           29%        N/A       52%         6
 Death's Door             Necr           55%        N/A       83%         9
 Enfeeble                 Hex            29%        N/A       95%         7
 Monstrous Menagerie      Summ           29%        N/A       95%         7
 Summon Hydra             Summ           29%        N/A       95%         7
 Ignition                 Fire           37%        3d11      97%         8
 Discord                  Hex            29%        N/A       100%        8
 Summon Horrible Things   Summ           29%        N/A       100%        8

Inventory:

Hand Weapons
 m - the +3 Elemental Staff (weapon) {ele, rElec rF+ rC+ AC+3}
   (You found it on level 4 of the Shoals)

   AC+3:      It affects your AC (+3).
   rF+:       It protects you from fire.
   rC+:       It protects you from cold.
   rElec:     It insulates you from electricity.
 R - the +9 dagger "Impbane" {heavy, rElec Will+, short}
   (You bought it in a shop on level 15 of the Dungeon)

   rElec:     It insulates you from electricity.
   Will+:     It increases your willpower.
Missiles
 T - 29 curare-tipped darts {=fthrowing}
 U - 4 silver javelins {throwing}
Armour
 b - the +1 pair of boots of Experimentation (worn) {Regen+ Int+5 Stlth+}
   (You found it on level 3 of the Elven Halls)

   Int+5:     It affects your intelligence (+5).
   Regen+:    It increases your rate of health regeneration.
   Stlth+:    It makes you more stealthy.
 d - a +2 helmet of intelligence (worn)
   (You bought it in a shop on level 1 of the Snake Pit)
 j - the +4 dragonskin cloak (worn)
   (You took it off Tiamat on level 2 of the Realm of Zot)

   Avatar's Aegis: It grants the wearer a chance to resist fire, cold, poison,
   electricity, acid, and negative energy.
 B - quicksilver dragon scales (worn) {rare}
   (You found it on level 5 of the Vaults)
 E - the +2 pair of gloves of Hepliaklqana's Anger (worn) {rC+++ Regen+ rCorr Int-5 Dex-4}
   (You found it in the Desolation of Salt)

   Int-5:     It affects your intelligence (-5).
   Dex-4:     It affects your dexterity (-4).
   rC+++:     It renders you almost immune to cold.
   Regen+:    It increases your rate of health regeneration.
   rCorr:     It protects you from acid and corrosion.
 O - an orb of energy (worn)
   (You found it on level 13 of the Dungeon)
Jewellery
 r - the amulet of Muetarr (around neck) {Reflect Dex+3 SH+5}
   (You took it off a deep elf blademaster on level 3 of the Elven Halls)

   [amulet of reflection]

   Reflect:   It reflects blocked missile attacks.
   Dex+3:     It affects your dexterity (+3).
   SH+5:      It affects your SH (+5).
 J - the ring "Geuw Jot" (right hand) {Wiz MP+9 Str-4 Int+6 SInv}
   (You took it off a ragged hierophant in the Desolation of Salt)

   [ring of wizardry]

   Wiz:       It improves your spell success rate.
   Str-4:     It affects your strength (-4).
   Int+6:     It affects your intelligence (+6).
   MP+9:      It affects your magic capacity (+9).
   SInv:      It lets you see invisible.
 K - the ring of the Empire (left hand) {Fly rPois Str+2 Int+6}
   (You found it in the Desolation of Salt)

   [ring of intelligence]

   Str+2:     It affects your strength (+2).
   Int+6:     It affects your intelligence (+6).
   rPois:     It protects you from poison Fly: It grants you flight.
Wands
 f - a wand of flame (136)
   (You found it on level 5 of the Dungeon)
 h - a wand of acid (9)
   (You found it on level 3 of the Vaults)
 n - a wand of digging (9)
   (You found it on level 5 of the Lair of Beasts)
 C - a wand of paralysis (32)
   (You found it on level 1 of the Realm of Zot)
 P - a wand of roots (50)
   (You bought it in a shop on level 8 of the Dungeon)
 Q - a wand of mindburst (30)
   (You found it on level 13 of the Dungeon)
Scrolls
 k - 9 scrolls of fog
 q - 11 scrolls of silence {!r}
 u - 8 scrolls of poison {!r}
 y - 10 scrolls of teleportation {@r4}
 H - 7 scrolls of vulnerability {!r!r}
 I - 8 scrolls of fear
 S - 3 scrolls of blinking {!r}
 V - a scroll of revelation
Potions
 c - 6 potions of enlightenment
 g - 22 potions of curing {@q1}
 l - a potion of berserk rage {!q}
 o - 3 potions of brilliance
 p - 6 potions of resistance
 w - a potion of haste {@q3}
 z - 5 potions of might
 D - 7 potions of lignification {!q}
 F - 7 potions of heal wounds {@q2}
 N - 3 potions of magic
 W - 5 potions of ambrosia
 Y - 3 potions of cancellation
Miscellaneous
 a - a box of beasts
   (You found it on level 3 of the Snake Pit)
 s - a lightning rod (4/4)
   (You found it on level 2 of the Snake Pit)
 x - the horn of Geryon
   (You took it off Geryon in the Vestibule of Hell)
 A - a condenser vane
   (You bought it in a shop on level 8 of the Dungeon)
 Z - a phantom mirror
   (You found it on level 5 of the Lair of Beasts)

Dungeon Overview and Level Annotations

Branches:
Dungeon (15/15)            Temple (1/1) D:6            Lair (5/5) D:9
 Shoals (4/4) Lair:3        Snake (4/4) Lair:2        Slime (5/5) Lair:5
    Orc (2/2) D:12            Elf (3/3) Orc:2        Vaults (5/5) D:14
  Crypt (3/3) Vaults:2       Tomb (0/3) Crypt:3      Depths (4/4) D:15
   Hell (visited)             Dis (0/7) Hell            Geh (0/7) Hell
    Coc (0/7) Hell            Tar (0/7) Hell            Zot (5/5) Depths:4
 Bailey (visited)          WizLab (visited)         Desolation (visited)

Altars:
Ashenzari
Cheibriados
Dithmenos
Elyvilon
Fedhas
Gozag
Hepliaklqana
Kikubaaqudgha
Makhleb
Nemelex Xobeh
Okawaru
Qazlal
Ru
Sif Muna
Trog
Uskayaw
Vehumet
Wu Jian
Xom
Yredelemnul
Zin
The Shining One
Jiyva

Shops:
D:1 !   D:8 ***   D:12 !   D:15 (   Orc:2 ?[(!(   Shoals:2 (   Snake:1 *
Snake:2 *   Snake:4 [!=(:   Vaults:2 (   Vaults:5 !

Portals:
Hell: Depths:1 Depths:2 Depths:3 Depths:4
Abyss: Depths:2 Depths:3
Pandemonium: Depths:2 Depths:3

Annotations:
D:5 Prince Ribbit
D:8 Gastronok
Lair:5 exclusion: obsidian statue
Snake:2 Frances, Roxanne
Slime:5 Royal Jelly
Zot:1 3 runed translucent doors, Bealaq's ghost, legendary GnFE; Covvyleb's ghost, veteran DrIE; Vaid's ghost, master GnFi; Wukiw's ghost, legendary MiBe
Zot:2 2 transporters
Zot:4 Parghit

.#########.#####......###..#....#
...# #.# ######.# #..#....# ...#
#.##########.# #..#....# ...#
#..#.......#.# #..#....# ####
##.'.>.>.>.'.###..#....#
#.#.......#..##..#....#
#.##########.....#....#
#.#.......##.#...######
#['...@...'..##..#
###.......#####..##
#########.......# #.......#####
#............ #............
######....... #....... #.......


There were no monsters in sight!


Message History

The Orb Guardian hits you. 😕 HP[-1]
You take 1 damage, and now have 156/157 hp.
You hit the Orb Guardian.
You electrocute the Orb Guardian!!
The Orb Guardian completely misses you.
An Executioner and 2 large abominations come into view. 😎 HP[+1]
Your hp is fully restored (157).
Casting: Iskenderun's Mystic Blast (safe; 1% risk of failure)
Confirm with . or Enter, or press ? or * to list all spells.
Aiming: Bombard (safe; 1% risk of failure)
Press: ? - help, Shift-Dir - straight line, f - Orb Guardian
Aim: an Orb Guardian (heavily wounded, 76% to hit)
You feel a surge of power!
The iron shot hits the Orb Guardian!!!
You kill the Orb Guardian!
Vehumet accepts your kill. The blast sends you backwards. 😎 MP[-6]
You lost 6 mp, and now have 59/65 mp.
Unknown command.
There is an open door here. 😎 MP[+1] Unknown command.
Unknown command.
There is a stone staircase leading down here. 😎 MP[+1] Unknown command.
Casting: Bombard (safe; 1% risk of failure)
Confirm with . or Enter, or press ? or * to list all spells.
Aiming: Bombard (safe; 1% risk of failure)
Press: ? - help, Shift-Dir - straight line, f - Executioner
Aim: an Executioner (72% to hit)
You feel a surge of power!
The iron shot hits the Executioner!!!
The blast sends you backwards. 😎 MP[-6]
You lost 6 mp, and now have 55/65 mp.
Unknown command.
Casting: Bombard (safe; 1% risk of failure)
Confirm with . or Enter, or press ? or * to list all spells.
Aiming: Bombard (safe; 1% risk of failure)
Press: ? - help, Shift-Dir - straight line, f/p - Executioner
Aim: an Executioner (severely wounded, 72% to hit)
You feel a surge of power!
The iron shot hits the Executioner!!!
You kill the Executioner!
Vehumet accepts your kill.
You feel your power returning. The blast sends you backwards.
Magical energy flows into your mind! 😎 MP[+5]
You regained 5 mp, and now have 60/65 mp.
Unknown command.
There is a stone staircase leading down here. 😎 MP[+1]
You reach down and open the door.
There is an open door here. 😎 MP[+1] Unknown command.
Unknown command. 😎 MP[+1] Unknown command. 😎 MP[+1] Unknown command.
You reach down and open the door. 😎 MP[+1]
Your mp is fully restored (65).
Unknown command.
Casting: Bombard (safe; 1% risk of failure)
Confirm with . or Enter, or press ? or * to list all spells.
Aiming: Bombard (safe; 1% risk of failure)
Press: ? - help, Shift-Dir - straight line, f - large abomination
Aim: a large abomination (94% to hit)
You feel a surge of power!
The iron shot hits the large abomination!!!
You destroy the large abomination!
Vehumet accepts your kill.
You feel your power returning. 😎 MP[-5]
You lost 5 mp, and now have 60/65 mp.
Unknown command.
Casting: Bombard (safe; 1% risk of failure)
Confirm with . or Enter, or press ? or * to list all spells.
Aiming: Bombard (safe; 1% risk of failure)
Press: ? - help, Shift-Dir - straight line, f - large abomination
Aim: a large abomination (90% to hit)
You feel a surge of power!
The iron shot hits the large abomination!!!
You destroy the large abomination!
Vehumet accepts your kill. 😎 MP[-6]
You lost 6 mp, and now have 54/65 mp.
Unknown command.
There is an open door here. 😎 MP[+1] 😎 MP[+1]
There is a staircase leading out of the dungeon here. 🤖 Initializing magus.rc ... ✅ Successfully initialized magus.rc [v1.9.6] Welcome back, Zonian the Deep Elf Earth Elementalist.
Vehumet says: Let it end in hellfire!
Press ? for a list of commands and other information.
You have escaped!

Skill      XL: |  1  2  3  4  5  6  7  8  9 10 11 12 13 14 15 16 17 18 19 20 21 22 23 24 25 26 27 |
---------------+----------------------------------------------------------------------------------+-----
Earth Magic    | 4 5 6 8 10 11 12 13 14 15 16 17 18 20 23 24 | 24.2
Conjurations   | 1 2 3 6 8 9 10 11 12 13 14 15 16 17 18 19 20 21 | 21.9
Stealth        | 5 7 8 9 |  9.6
Dodging        | 5 6 8 10 | 10.0
Spellcasting   | 5 7 8 9 11 12 13 14 15 16 17 18 19 20 21 24 26 27 | 27.0
Translocations | 3 5 6 8 9 11 12 13 | 13.7
Ice Magic      | 3 5 6 7 8 9 11 12 | 12.7
Air Magic      | 1 3 5 6 7 9 10 11 12 13 14 21 | 21.4
Short Blades   | 1 4 5 6 |  6.9
Fighting       | 2 3 4 5 6 7 8 12 | 12.0
Evocations     | 3 4 5 7 12 | 12.0
Transmutations | 3 5 7 9 10 11 13 14 16 | 16.5
Armour         | 1 3 4 5 |  5.0
Staves         | 2 3 5 10 | 10.7
Necromancy     | 2 3 5 9 11 13 | 13.1

Action                     |  1- 3 |  4- 6 |  7- 9 | 10-12 | 13-15 | 16-18 | 19-21 | 22-24 | 25-27 || total
---------------------------+-------+-------+-------+-------+-------+-------+-------+-------+-------++-------
  Melee: Dagger            |     5 |    29 |     2 |   121 |    61 |    31 |    12 |     1 |     2 ||   264
         Spear             |       |       |       |     9 |    33 |       |       |       |       ||    42
         Staff             |       |       |       |       |       |     2 |    28 |       |    23 ||    53
  Throw: Dart              |       |       |       |       |     2 |     1 |       |       |     1 ||     4
   Cast: Sandblast         |    52 |    64 |    42 |    20 |    84 |    20 |    17 |       |     2 ||   301
         Stone Arrow       |       |    15 |    78 |   218 |   235 |   231 |    49 |    78 |    72 ||   976
         Brom's Barrelling |       |       |     2 |    25 |    47 |     8 |    22 |     8 |     8 ||   120
         Frozen Ramparts   |       |       |       |    39 |    16 |     2 |     1 |       |       ||    58
         Iskenderun's Myst |       |       |       |     6 |    32 |    34 |    33 |    79 |   139 ||   323
         Airstrike         |       |       |       |    16 |    37 |   412 |    58 |   129 |   370 ||  1022
         Freezing Cloud    |       |       |       |     1 |    27 |    27 |    15 |     6 |    23 ||    99
         Bombard           |       |       |       |       |   282 |    95 |   159 |   137 |   401 ||  1074
         Irradiate         |       |       |       |       |     4 |     4 |     2 |     7 |     4 ||    21
         Iskenderun's Batt |       |       |       |       |       |    99 |    40 |    37 |    24 ||   200
         Lee's Rapid Decon |       |       |       |       |       |    72 |   184 |   278 |   622 ||  1156
         Borgnjor's Vile C |       |       |       |       |       |       |     2 |    10 |    23 ||    35
         Orb of Destructio |       |       |       |       |       |       |       |    10 |    44 ||    54
         Hailstorm         |       |       |       |       |       |       |       |     8 |       ||     8
         Shatter           |       |       |       |       |       |       |       |       |    30 ||    30
         Chain Lightning   |       |       |       |       |       |       |       |       |    10 ||    10
         Maxwell's Capacit |       |       |       |       |       |       |       |       |     6 ||     6
  Evoke: Wand              |       |     7 |     1 |     3 |    14 |    11 |    11 |     3 |    15 ||    65
         Phantom mirror    |       |       |       |       |     1 |       |     1 |       |       ||     2
         Lightning rod     |       |       |       |       |       |     1 |     5 |     4 |     6 ||    16
         Box of beasts     |       |       |       |       |       |       |     1 |       |       ||     1
         Condenser vane    |       |       |       |       |       |       |       |       |     3 ||     3
         Horn of Geryon    |       |       |       |       |       |       |       |       |     1 ||     1
    Use: Scroll            |     3 |    18 |     3 |    10 |     9 |     7 |     6 |     8 |    31 ||    95
         Potion            |       |     1 |     2 |     6 |     4 |     3 |     8 |     7 |    37 ||    68
   Stab: Sleeping          |       |     1 |       |     4 |    14 |     5 |     3 |     1 |     2 ||    30
         Paralysed         |       |     2 |       |       |       |       |       |       |       ||     2
         Distracted        |       |       |       |       |     1 |     1 |       |       |       ||     2
 Armour: Robe              |     7 |    26 |     9 |       |       |       |       |       |       ||    42
         Steam dragon scal |       |       |     8 |   197 |    22 |       |       |       |       ||   227
         Skin              |       |       |     3 |    19 |       |       |       |       |       ||    22
         Leather armour    |       |       |       |       |   198 |       |       |       |       ||   198
         Ring mail         |       |       |       |       |    26 |   281 |   232 |   138 |       ||   677
         Quicksilver drago |       |       |       |       |       |       |       |   105 |   482 ||   587
  Dodge: Dodged            |     6 |    23 |    37 |   233 |   191 |   139 |    79 |    83 |   188 ||   979

Levels and vault maps discovered:
D:1:      minmay_arrival_up_and_down, layout_basic, serial_shops,
          nicolae_shop_tiny_waterfront
D:2:      layout_loops_cross, minmay_octomino_c4, uniq_crazy_yiuf_cottage
D:3:      layout_loops_ring, chequers_ecumenical_altar_grove, corexii_shack,
          item_on_display_a
D:4:      layout_cave_pools, ebering_ghost_reflecting_pool, minmay_rat_hole
D:5:      layout_basic, uniq_prince_ribbit1
D:6:      layout_basic, minmay_temple_entry_waves, uniq_pikel
D:7:      layout_rooms, minmay_fire_ice_demons
D:8:      layout_basic, chequers_temple_overflow_statue_of_worship,
          evilmike_ruin_ashenzari, mainiacjoe_overflow_paths, serial_shops,
          shop, nicolae_shop_dealshenge, nicolae_shop_rolling_square,
          uniq_maggie, uniq_gastronok
D:9:      layout_rooms, david_lair_generic, enter_bailey_5,
          statue_in_the_mist_lemuel
D:10:     layout_basic, hangedman_decor_opposing, minmay_shattered_shrine,
          uniq_erica
D:11:     layout_basic, tgw_sif
D:12:     layout_basic, david_orc_4, serial_shops, nicolae_shop_back_alley_shop,
          kennysheep_windowed_goal
D:13:     layout_big_octagon
D:14:     layout_gridville, grunt_vaults_entry_fortified,
          nicolae_dithmenos_shadow_blocks
D:15:     grunt_enter_depths_magical_seal, layout_stronghold, serial_shops,
          shop, nicolae_uskayaw_en_pointe, uniq_josephine
Temple:   nicolae_temple_bog_church
Lair:1:   layout_chaotic_city, grunt_megastairs_1
Lair:2:   layout_loops_ring, dummy_snake_entry, basic_altar, minmay_hedge_maze
Lair:3:   layout_chaotic_city, elwin_shoals_entry_rocks, portal_ice_cave_rime,
          uniq_kirke
Lair:4:   layout_roguey
Lair:5:   due_jungle_book, layout_regular_city, dpeg_slime_entry_corner
Shoals:1: layout_shoals
Shoals:2: layout_shoals, serial_shops, shop, uniq_nikola, uniq_ilsuiw
Shoals:3: layout_shoals
Shoals:4: shoals_end_simple, layout_shoals, nicolae_shoals_lost_giant_hut,
          yaktaur_hedge
Snake:1:  layout_misc_corridors, basic_altar, grunt_ministairs_13,
          nicolae_shop_clearance, uniq_asterion
Snake:2:  layout_layer_cave, serial_shops, nicolae_shop_overgrown_old_shop,
          minmay_shop_grove, uniq_frances, uniq_roxanne
Snake:3:  layout_rooms, nicolae_snake_salamander_fort
Snake:4:  snake_pit_salamanders_mu, layout_onion_interference,
          nicolae_shop_i_like_big_books, minmay_shoptagon
Slime:1:  layout_caves
Slime:2:  layout_caves, dissolution_awaits
Slime:3:  layout_caves
Slime:4:  layout_caves
Slime:5:  slime_pit
Orc:1:    layout_caves
Orc:2:    grunt_orc_community_town_hall, layout_caves,
          grunt_orc_community_big_house_2, grunt_orc_community_big_house_2,
          grunt_orc_community_house_1, grunt_orc_community_house_1,
          grunt_orc_community_house_2, grunt_orc_community_house_3,
          grunt_orc_community_house_2, grunt_orc_community_house_3,
          serial_shops, nicolae_shop_industrial_runoff, uniq_urug
Elf:1:    layout_gridlike, portal_desolation_entry_twin_temple,
          nicolae_trove_entry_crossroad, evilmike_minifort
Elf:2:    nicolae_elf_blades_crystal_corner, layout_loops_corners, basic_altar
Elf:3:    minmay_elf_hall_statues, layout_geoelf_castle,
          hangedman_elf_simple_split
Vaults:1: nicolae_vaults_network_barrier, v_alt_pattern_5,
          nicolae_vaults_alarming, nicolae_vaults_shipping_containers_4,
          nicolae_vaults_shelves_hall, vaults_standard_mumra_enter_the_diamond,
          nicolae_vaults_more_shelving_1, vaults_mumra_hexcomb,
          layout_vaults_quadrants
Vaults:2: mu_enter_wizlab_3, nicolae_vaults_storage_closets_1,
          minmay_crypt_entry_simple_sparse, hangedman_vaults_stitches,
          nicolae_vaults_quartermaster, nicolae_vaults_theta,
          dpeg_vaults_monster_box, nicolae_vaults_prndl, ontoclasm_vaults_fault,
          nicolae_vaults_diagonal_hallway_6, vaults_room_pool,
          nicolae_vaults_trapezoid_2, ontoclasm_vaults_decontamination,
          nicolae_vaults_surprise_closet, layout_vaults_ring, serial_shops,
          nicolae_shop_hallway_plus, uniq_frederick, uniq_donald, uniq_mennas
Vaults:3: nicolae_vaults_border_crossing, v_alt_pattern_4,
          nicolae_vaults_closet_pinwheel_2, vaults_room_fours,
          hangedman_vaults_corner, nicolae_vaults_variable_pillar_hall_cross,
          nicolae_vaults_closet_pinwheel_2, nicolae_vaults_closet_pinwheel_3,
          nicolae_vaults_good_morning_starshine, grunt_vaults_bifocal,
          nicolae_vaults_little_squares_2, nicolae_vaults_tetromino_Z_2,
          nicolae_vaults_rhombus_6, layout_vaults_omnibox, uniq_mara, uniq_boris
Vaults:4: nicolae_vaults_swerve, nicolae_vaults_network_quinsquares
          [nicolae_vaults_network_quincunx_subvault,
          nicolae_vaults_network_quincunx_subvault,
          nicolae_vaults_network_quincunx_subvault,
          nicolae_vaults_network_quincunx_subvault],
          nicolae_vaults_specimen_jars, v_alt_pattern_1,
          grunt_vaults_hallway_long, ontoclasm_vaults_gateway,
          layout_vaults_maze_snakey, uniq_jory
Vaults:5: uniq_xtahua
Crypt:1:  layout_misc_corridors, skrybe_necro_troll_1, grunt_megastairs_3,
          grunt_crypt_arrival_webbed
Crypt:2:  layout_gridlike, basic_altar, minmay_misc_feat_pillars, uniq_zenata
Crypt:3:  grunt_crypt_end_deaths_head
Depths:1: layout_forbidden_donut, nicolae_twisty_statue_hallways,
          lightli_too_deep, minmay_misc_feat_room, kennysheep_potato
Depths:2: hangedman_pleasuredromes, pan_entry, hell_entry, abyss_entry, uniq_vv,
          uniq_norris
Depths:3: minmay_crescents, layout_basic, pan_entry,
          hangedman_abyss_or_decor_lesser_grid, abyss_entry,
          hangedman_coc_ice_floe, fedhas_altar_2, uniq_saint_roka
Depths:4: grunt_zot_entry_pinwheel, layout_basic, enter_ziggurat_c,
          tso_metal_star, hell_entry, st_stairs_7, corexii_leaking_fountain,
          nicolae_vehumet_radiance, uniq_josephina
Hell
Zot:1:    layout_twisted_circle, gammafunk_ghost_cemetery,
          hangedman_zot_decor_slant, st_stairs_4, zot_minivault_2
Zot:2:    layout_basic, nicolae_diode_quadrants,
          regret_index_zotdec_twisting_globes, lemuel_elevator, uniq_tiamat
Zot:3:    layout_gridlike, st_small_dragon_hoard_5, regret_index_zotdec_banners
Zot:4:    layout_basic, regret_index_zotdec_bone_old, st_small_dragon_hoard_3,
          st_stairs_12, lemuel_baited_zot_trap, grunt_ministairs_5,
          amethyst_zot_foddershock, uniq_parghit
Zot:5:    layout_gridlike

Notes
Turn   | Place    | Note
-------+----------+-------------------------------------------
     0 | D:1      | Zonian the Deep Elf Earth Elementalist began the quest for
                  | the Orb.
     0 | D:1      | Reached XP level 1. HP: 10/10 MP: 6/6
     0 | D:1      | magus.rc [v1.9.6]
   208 | D:1      | Reached XP level 2. HP: 15/15 MP: 6/8
   209 | D:1      | Reached skill level 4 in Earth Magic
   522 | D:1      | Found Utteunto's Distillery.
   753 | D:1      | Reached XP level 3. HP: 19/19 MP: 7/9
  1142 | D:2      | Learned a level 3 spell: Stone Arrow
  1366 | D:2      | Reached skill level 1 in Conjurations
  1366 | D:2      | Reached skill level 5 in Earth Magic
  1454 | D:2      | You pick up a book of Frost and begin reading...
  1454 | D:2      | You add the spells Freeze, Frozen Ramparts and Hailstorm to
                  | your library.
  1706 | D:2      | Found a runed translucent door.
  1707 | D:2      | Noticed Crazy Yiuf
  1870 | D:3      | Reached XP level 4. HP: 18/24 MP: 10/10
  2275 | D:3      | Found a faded altar of an unknown god.
  2471 | D:4      | Found a runed translucent door.
  2480 | D:4      | Reached skill level 2 in Conjurations
  3228 | D:4      | Noticed LeprechaunX's ghost (amateur OpSh)
  3707 | D:5      | Entered Level 5 of the Dungeon
  3714 | D:5      | Reached XP level 5. HP: 28/28 MP: 9/11
  3750 | D:5      | Reached skill level 3 in Conjurations
  3752 | D:5      | HP: 5/28 [something (3)]
  3754 | D:5      | Reached skill level 6 in Earth Magic
  4004 | D:5      | Noticed Prince Ribbit
  4310 | D:5      | Noticed an ogre
  4328 | D:5      | Noticed a black bear
  4491 | D:6      | Identified the +7 spear of the Slime-mould {heavy, Int+3}
  4495 | D:6      | Found a staircase to the Ecumenical Temple.
  4504 | Temple   | Entered the Ecumenical Temple
  4521 | Temple   | Became a worshipper of Vehumet
  4605 | D:6      | Reached XP level 6. HP: 32/32 MP: 10/12
  4650 | D:6      | Reached skill level 4 in Conjurations
  4778 | D:6      | Noticed an orc warrior
  4787 | D:6      | Killed an orc warrior
  4987 | D:6      | Noticed Pikel
  4999 | D:6      | Killed Pikel
  5000 | D:6      | Reached skill level 6 in Conjurations
  5000 | D:6      | Reached skill level 8 in Earth Magic
  5000 | D:6      | Reached XP level 7. HP: 36/36 MP: 4/13
  5126 | D:6      | Learned a level 4 spell: Brom's Barrelling Boulder
  5194 | D:7      | Noticed a steam dragon
  5346 | D:7      | Reached XP level 8. HP: 41/41 MP: 5/14
  5532 | D:7      | Reached skill level 7 in Conjurations
  5600 | D:7      | Reached skill level 9 in Earth Magic
  5682 | D:7      | Reached skill level 8 in Conjurations
  6038 | D:7      | Reached skill level 10 in Earth Magic
  6046 | D:7      | Identified the +3 ring mail "Ponn" {Contam Regen+ rCorr
                  | SInv}
  6332 | D:8      | Reached XP level 9. HP: 45/45 MP: 13/15
  6335 | D:8      | Found Coita's General Store.
  6373 | D:8      | Found a broken altar of Ashenzari.
  6373 | D:8      | Noticed Maggie
  6441 | D:8      | Found Qeajyb's Assorted Antiques.
  6447 | D:8      | Bought a runed bone wand for 120 gold pieces
  6456 | D:8      | Reached skill level 3 in Stealth
  6475 | D:8      | Reached * piety under Vehumet
  6475 | D:8      | Offered knowledge of Kiss of Death by Vehumet.
  6476 | D:8      | Reached skill level 3 in Dodging
  6655 | D:8      | Reached skill level 9 in Conjurations
  6708 | D:8      | Found an opulent altar of Gozag.
  6709 | D:8      | Found a sacrificial altar of Ru.
  6710 | D:8      | Found a shimmering altar of Xom.
  6752 | D:8      | Killed Maggie
  6753 | D:8      | Reached skill level 4 in Spellcasting
  6903 | D:8      | You pick up a book of Weapons and begin reading...
  6903 | D:8      | You add the spells Tukima's Dance, Dimensional Bullseye and
                  | Iskenderun's Mystic Blast to your library.
  7112 | D:8      | Reached skill level 4 in Stealth
  7141 | D:8      | Found Zahufet's Assorted Antiques.
  7242 | D:8      | Noticed Gastronok
  7464 | D:9      | Reached skill level 4 in Dodging
  7570 | D:9      | Found a flagged portal.
  7582 | D:9      | Reached skill level 5 in Spellcasting
  7602 | Bailey   | Entered a bailey
  7736 | Bailey   | Offered knowledge of Foxfire by Vehumet.
  7742 | Bailey   | Reached skill level 5 in Stealth
  7981 | Bailey   | Identified the +3 chain mail of the Ditch-Digger {rN+ Str-3
                  | Int+4}
  8139 | Bailey   | Reached ** piety under Vehumet
  8140 | Bailey   | Reached skill level 5 in Dodging
  8140 | Bailey   | Reached XP level 10. HP: 50/50 MP: 9/20
  8359 | Bailey   | Found a bloodstained altar of Trog.
  8511 | D:9      | Learned a level 4 spell: Iskenderun's Mystic Blast
  8515 | D:9      | Learned a level 3 spell: Frozen Ramparts
  8536 | D:8      | Reached skill level 6 in Spellcasting
  8536 | D:8      | Reached skill level 11 in Earth Magic
  9187 | D:9      | Reached skill level 6 in Stealth
  9187 | D:9      | Reached skill level 1 in Translocations
  9187 | D:9      | Reached skill level 1 in Ice Magic
  9222 | D:9      | Reached skill level 10 in Conjurations
  9286 | D:9      | Noticed an elephant
  9599 | D:9      | Found a staircase to the Lair.
  9634 | Lair:1   | Entered Level 1 of the Lair of Beasts
  9637 | Lair:1   | Noticed a death yak
  9639 | Lair:1   | Noticed a death yak
  9640 | Lair:1   | Noticed a death yak
  9726 | Lair:1   | Reached skill level 6 in Dodging
  9733 | Lair:1   | Reached skill level 2 in Translocations
  9733 | Lair:1   | Reached skill level 2 in Ice Magic
  9797 | Lair:1   | Noticed a death yak
  9797 | Lair:1   | Noticed a death yak
  9797 | Lair:1   | Noticed a death yak
  9872 | Lair:1   | Reached skill level 7 in Spellcasting
  9996 | Lair:1   | Offered knowledge of Volatile Blastmotes by Vehumet.
 10027 | Lair:1   | Noticed a cane toad
 10036 | Lair:1   | Killed a cane toad
 10037 | Lair:1   | Reached skill level 7 in Stealth
 10038 | Lair:1   | Reached skill level 3 in Translocations
 10038 | Lair:1   | Reached skill level 3 in Ice Magic
 10041 | Lair:1   | HP: 12/50 [wyvern (9)]
 10043 | Lair:1   | HP: 3/50 [wyvern (6)]
 10046 | Lair:1   | Reached XP level 11. HP: 10/54 MP: 3/23
 10049 | Lair:1   | HP: 4/54 [wolf (7)]
 10050 | Lair:1   | HP: 1/54 [wolf (3)]
 10310 | Lair:1   | You pick up a book of Frost and begin reading...
 10782 | Lair:1   | Reached *** piety under Vehumet
 10815 | Lair:1   | Noticed a six-headed hydra
 10845 | Lair:1   | Reached skill level 7 in Dodging
 11356 | Lair:2   | Reached skill level 4 in Translocations
 11356 | Lair:2   | Reached skill level 4 in Ice Magic
 11525 | Lair:2   | Found a staircase to the Snake Pit.
 11541 | Lair:2   | Reached skill level 8 in Spellcasting
 11664 | Lair:2   | Reached skill level 8 in Stealth
 11764 | Lair:2   | Offered knowledge of Airstrike by Vehumet.
 12127 | Lair:2   | Found a basalt altar of Yredelemnul.
 12484 | Lair:2   | Noticed an eight-headed hydra
 12528 | Lair:2   | Killed an eight-headed hydra
 12708 | Lair:2   | Reached skill level 11 in Conjurations
 12829 | Lair:2   | Reached skill level 12 in Earth Magic
 13094 | Lair:3   | Learned a level 4 spell: Airstrike
 13186 | Lair:3   | Noticed Kirke
 13383 | Lair:3   | Reached skill level 5 in Translocations
 13383 | Lair:3   | Reached skill level 5 in Ice Magic
 13456 | Lair:3   | Noticed a six-headed hydra
 13589 | Lair:3   | Killed a six-headed hydra
 13590 | Lair:3   | Reached skill level 8 in Dodging
 13590 | Lair:3   | Reached skill level 1 in Air Magic
 13647 | Lair:3   | Reached XP level 12. HP: 59/59 MP: 22/26
 13648 | Lair:3   | Found a staircase to the Shoals.
 14034 | Lair:3   | Reached skill level 9 in Spellcasting
 14038 | Lair:3   | Reached **** piety under Vehumet
 14246 | Lair:3   | Reached skill level 9 in Stealth
 14248 | Lair:3   | Offered knowledge of Freezing Cloud by Vehumet.
 14416 | Lair:3   | Reached skill level 2 in Air Magic
 14553 | Lair:3   | Noticed a catoblepas
 14614 | Lair:3   | Killed a catoblepas
 14726 | Lair:3   | Noticed a sphinx
 14730 | Lair:3   | Noticed a sphinx
 15207 | Lair:4   | Noticed a death yak
 15207 | Lair:4   | Noticed a death yak
 15207 | Lair:4   | Noticed a death yak
 15260 | Lair:3   | Learned a level 5 spell: Freezing Cloud
 15591 | Lair:4   | Reached skill level 12 in Conjurations
 15591 | Lair:4   | Reached skill level 6 in Translocations
 15667 | Lair:4   | Noticed a death yak
 15830 | Lair:4   | Reached skill level 6 in Ice Magic
 15963 | Lair:4   | Reached skill level 3 in Air Magic
 16113 | Lair:4   | magus.rc [v1.9.6]
 16129 | Lair:4   | Noticed a death yak
 16196 | Lair:3   | Killed Kirke
 16197 | Lair:3   | Reached skill level 1 in Short Blades
 16313 | Lair:3   | Reached ***** piety under Vehumet
 16799 | Lair:3   | Offered knowledge of Bombard by Vehumet.
 16809 | Lair:3   | Learned a level 6 spell: Bombard
 17123 | Lair:4   | Reached XP level 13. HP: 57/63 MP: 14/28
 17125 | Lair:4   | Reached skill level 10 in Spellcasting
 17334 | Lair:4   | Reached skill level 2 in Short Blades
 17996 | Lair:4   | Reached skill level 4 in Air Magic
 18004 | Lair:4   | Reached skill level 7 in Translocations
 18340 | Lair:5   | Entered Level 5 of the Lair of Beasts
 18930 | D:9      | Reached skill level 13 in Conjurations
 18993 | D:10     | Entered Level 10 of the Dungeon
 19164 | D:10     | Noticed Erica
 19174 | D:10     | Killed Erica
 19175 | D:10     | Reached skill level 7 in Ice Magic
 19177 | D:10     | Reached skill level 3 in Short Blades
 19523 | D:10     | Identified the +2 leather armour of Gestures {rN++ Slay+2}
 19614 | D:10     | Reached skill level 13 in Earth Magic
 20625 | D:10     | You pick up a book of Changes and begin reading...
 20625 | D:10     | You add the spells Wereblood and Irradiate to your library.
 21133 | D:11     | Reached skill level 11 in Spellcasting
 21404 | D:11     | Identified the +1 chain mail of Zigeudom {Str+3}
 21850 | D:11     | Found a shimmering blue altar of Sif Muna.
 21963 | D:11     | Reached skill level 5 in Air Magic
 22599 | D:12     | Reached skill level 4 in Short Blades
 23219 | D:12     | Reached skill level 8 in Translocations
 23219 | D:12     | Reached XP level 14. HP: 68/68 MP: 21/31
 23942 | D:12     | Found Kecrima's Distillery.
 23948 | D:12     | Bought a potion of invisibility for 120 gold pieces
 23948 | D:12     | Bought 2 potions of curing for 90 gold pieces
 23948 | D:12     | Bought a potion of magic for 120 gold pieces
 24225 | D:12     | Found a staircase to the Orcish Mines.
 24541 | D:13     | Reached skill level 14 in Conjurations
 24887 | D:13     | Reached skill level 8 in Ice Magic
 25002 | D:13     | Learned a level 5 spell: Irradiate
 25622 | D:14     | Found a shadowy altar of Dithmenos.
 25659 | D:14     | Reached skill level 1 in Fighting
 25662 | D:14     | Reached skill level 1 in Evocations
 25937 | D:14     | Reached skill level 2 in Transmutations
 26850 | D:14     | Identified the ring "Foiv" {Contam rCorr Str+6 Dex+5}
 26877 | D:14     | Found a gate to the Vaults.
 26887 | D:14     | Reached skill level 2 in Evocations
 27184 | D:15     | Entered Level 15 of the Dungeon
 27239 | D:15     | You pick up a book of the Tundra and begin reading...
 27239 | D:15     | You add the spells Summon Ice Beast and Simulacrum to your
                  | library.
 27285 | D:15     | Reached skill level 6 in Air Magic
 27476 | D:15     | Noticed Josephine
 27615 | D:15     | Killed Josephine
 27616 | D:15     | Reached skill level 12 in Spellcasting
 28026 | D:15     | Reached skill level 3 in Transmutations
 28029 | D:15     | Reached skill level 2 in Fighting
 28194 | D:15     | Reached skill level 1 in Armour
 28288 | D:15     | Found a staircase to the Depths.
 28405 | D:15     | Found a hide-covered altar of Uskayaw.
 28555 | D:15     | Found Buzypim's Antique Weapon Shoppe.
 28559 | D:15     | Bought a fading dagger for 196 gold pieces
 28559 | D:15     | Identified the +9 dagger "Impbane" {heavy, rElec Will+}
                  | (You bought it in a shop on level 15 of the Dungeon)
 28597 | D:15     | You add the spells Passage of Golubria and Yara's Violent
                  | Unravelling to your library.
 29409 | Lair:1   | Reached skill level 3 in Evocations
 29415 | Lair:1   | Reached skill level 9 in Translocations
 29430 | D:9      | Reached XP level 15. HP: 73/76 MP: 10/33
 30705 | Lair:5   | You pick up a book of the Spheres and begin reading...
 30705 | Lair:5   | You add the spells Iskenderun's Battlesphere, Fireball,
                  | Conjure Ball Lightning and Orb of Destruction to your
                  | library.
 30714 | Lair:5   | Found a staircase to the Slime Pits.
 30802 | Lair:5   | Reached skill level 2 in Armour
 30802 | Lair:5   | Reached skill level 15 in Conjurations
 30989 | Lair:5   | You pick up a book of Blood and begin reading...
 30989 | Lair:5   | You add the spells Sublimation of Blood and Summon Hydra to
                  | your library.
 31346 | Lair:5   | Reached skill level 4 in Transmutations
 31822 | Lair:5   | Reached skill level 3 in Fighting
 31822 | Lair:5   | Reached skill level 9 in Ice Magic
 32458 | Lair:5   | Reached skill level 14 in Earth Magic
 32849 | Lair:5   | Reached skill level 4 in Evocations
 34016 | Orc:1    | Entered Level 1 of the Orcish Mines
 34034 | Orc:1    | Offered knowledge of Plasma Beam by Vehumet.
 34306 | Orc:1    | magus.rc [v1.9.6]
 34322 | Orc:2    | Entered Level 2 of the Orcish Mines
 34583 | Orc:2    | Reached skill level 5 in Short Blades
 34768 | Orc:2    | Found a staircase to the Elven Halls.
 34797 | Orc:2    | Reached skill level 7 in Air Magic
 34939 | Orc:2    | Found Tiffapuh's Distillery.
 34953 | Orc:2    | Bought a potion of cancellation for 120 gold pieces
 34953 | Orc:2    | Bought a potion of magic for 120 gold pieces
 35045 | Orc:2    | Found Ejygocs's Antique Weapon Boutique.
 35478 | Orc:2    | Found Seigyeta's Magic Scroll Emporium.
 35483 | Orc:2    | Bought a scroll of teleportation for 42 gold pieces
 35575 | Orc:2    | Noticed Urug
 35586 | Orc:2    | Killed Urug
 36040 | Orc:2    | Reached ****** piety under Vehumet
 36040 | Orc:2    | Offered knowledge of Arcjolt by Vehumet.
 36066 | Orc:2    | Noticed Saint Roka
 36072 | Orc:2    | HP: 17/78 [Saint Roka/divine providence (12)]
 36442 | Orc:2    | Killed Saint Roka
 36445 | Orc:2    | Upgraded the game from 0.31-a0-1071-gaead2f62b1 to
                  | 0.31-a0-1074-g0b22e4e0f1
 36445 | Orc:2    | magus.rc [v1.9.6]
 36609 | Orc:2    | Found Koczyud's Antique Weapon Boutique.
 36625 | Orc:2    | Found Plog's Antique Armour Shop.
 36651 | Orc:2    | Bought a transparent ring mail for 306 gold pieces
 36651 | Orc:2    | Identified the +4 ring mail of Beloved Intercession {rN+}
                  | (You bought it in a shop on level 2 of the Orcish Mines)
 37033 | D:4      | Killed LeprechaunX's ghost
 37134 | D:2      | Killed Crazy Yiuf
 37468 | Orc:2    | Bought a scroll of enchant armour for 105 gold pieces
 37700 | Snake:1  | Entered Level 1 of the Snake Pit
 37714 | Snake:1  | Reached skill level 3 in Armour
 37714 | Snake:1  | Reached skill level 5 in Transmutations
 37826 | Snake:1  | Found an opulent altar of Gozag.
 37882 | Snake:1  | Noticed Asterion
 37965 | Snake:1  | Reached skill level 13 in Spellcasting
 38256 | Snake:1  | Learned a level 5 spell: Iskenderun's Battlesphere
 38466 | Snake:1  | Found Reips's CLEARANCE SALE!.
 38474 | Snake:1  | Bought a +2 helmet of intelligence for 129 gold pieces
 38884 | Snake:1  | Killed Asterion
 38885 | Snake:1  | Reached XP level 16. HP: 84/84 MP: 35/35
 39152 | Snake:2  | Noticed Frances
 39169 | Snake:2  | magus.rc [v1.9.6]
 39790 | Snake:2  | Noticed Roxanne
 39984 | Snake:2  | Found Xioblof's Assorted Antiques.
 39997 | Snake:2  | Bought a brightly glowing dagger for 168 gold pieces
 39997 | Snake:2  | Identified the +2 dagger of the Aged Spirits {speed, Will+
                  | Int+2 Dex+2} (You bought it in a shop on level 2 of the
                  | Snake Pit)
 40856 | Snake:3  | Reached skill level 10 in Translocations
 41149 | Snake:3  | Reached skill level 6 in Short Blades
 41158 | Snake:3  | Reached skill level 6 in Transmutations
 41158 | Snake:3  | HP: 11/84 [naga sharpshooter/arrow (11)]
 41498 | Snake:3  | Reached skill level 10 in Ice Magic
 41518 | Snake:3  | Reached skill level 4 in Armour
 41596 | Snake:3  | Reached skill level 8 in Air Magic
 41752 | Snake:3  | Offered knowledge of Lee's Rapid Deconstruction by Vehumet.
 42279 | Snake:4  | Entered Level 4 of the Snake Pit
 42300 | Snake:4  | Reached skill level 14 in Spellcasting
 42307 | Snake:4  | Reached skill level 7 in Transmutations
 42501 | Snake:4  | Found Birusch's Tremendous Tomes.
 42572 | Snake:4  | Reached skill level 11 in Translocations
 42874 | Snake:4  | Found Baesair's Distillery.
 43017 | Snake:4  | Found Nare's Antique Weapon Boutique.
 43017 | Snake:4  | Found Qirhefo's Armour Shop.
 43020 | Snake:4  | Found Asuac's Jewellery Boutique.
 43137 | Snake:4  | Reached skill level 9 in Air Magic
 43482 | Snake:4  | Reached skill level 11 in Ice Magic
 43625 | Snake:4  | Reached XP level 17. HP: 88/88 MP: 37/37
 43815 | Snake:4  | Learned a level 5 spell: Lee's Rapid Deconstruction
 43875 | Snake:4  | Reached skill level 8 in Transmutations
 43880 | Snake:4  | Offered knowledge of Ozocubu's Refrigeration by Vehumet.
 44598 | Snake:4  | Reached skill level 15 in Spellcasting
 44653 | Snake:4  | Got a serpentine rune of Zot
 44908 | Shoals:1 | Entered Level 1 of the Shoals
 45094 | Shoals:1 | magus.rc [v1.9.6]
 45457 | Shoals:1 | Reached skill level 12 in Translocations
 45815 | Shoals:2 | Reached skill level 9 in Transmutations
 45815 | Shoals:2 | Reached skill level 10 in Air Magic
 45865 | Shoals:2 | Identified the orb of Ufid {mayhem, +Blink Int+3 SInv}
 45865 | Shoals:2 | Noticed Nikola
 45958 | Shoals:2 | Noticed Ilsuiw
 45995 | Shoals:2 | Killed Ilsuiw
 45996 | Shoals:2 | Reached skill level 12 in Ice Magic
 46021 | Shoals:2 | Offered knowledge of Starburst by Vehumet.
 46580 | Shoals:2 | Killed Nikola
 46587 | Shoals:2 | Found Hyuhew's Antique Weapon Shop.
 46935 | Shoals:3 | Noticed a kraken
 47039 | Shoals:3 | Reached skill level 4 in Fighting
 47101 | Shoals:3 | You pick up a book of Touch and begin reading...
 47101 | Shoals:3 | You add the spells Kiss of Death, Confusing Touch and
                  | Dispel Undead to your library.
 47196 | Shoals:3 | Reached XP level 18. HP: 94/94 MP: 28/39
 47401 | Shoals:3 | You pick up a book of Iron and begin reading...
 47401 | Shoals:3 | You add the spells Summon Lightning Spire and Animate
                  | Armour to your library.
 47411 | Shoals:3 | You pick up a book of Power and begin reading...
 47470 | Shoals:3 | HP: 23/94 [poisoned by a sea snake]
 47490 | Shoals:3 | HP: 12/94 [tentacle[a kraken] (15)]
 48191 | Shoals:4 | Entered Level 4 of the Shoals
 48203 | Shoals:4 | Reached skill level 16 in Spellcasting
 48292 | Shoals:4 | Offered knowledge of Ignition by Vehumet.
 48332 | Shoals:4 | You pick up a book of Decay and begin reading...
 48332 | Shoals:4 | You add the spells Cigotuvi's Dreadful Rot and Death
                  | Channel to your library.
 48364 | Shoals:4 | Identified the +4 glaive "Oresuidd" {venom, rElec rPois
                  | Int-4 SInv}
 48435 | Shoals:4 | Reached skill level 10 in Transmutations
 48675 | Shoals:4 | Found the +3 Elemental Staff {ele, rElec rF+ rC+ AC+3}
 48826 | Shoals:4 | Identified the +11 orcbow of Tomig {flame, Fragile rC+
                  | Will+}
 48951 | Shoals:4 | Got a barnacled rune of Zot
 49221 | Shoals:4 | You pick up a book of Storms and begin reading...
 49343 | Shoals:4 | Reached skill level 1 in Staves
 50090 | Elf:1    | Entered Level 1 of the Elven Halls
 50093 | Elf:1    | Reached skill level 13 in Translocations
 50272 | Elf:1    | Found a portal to a secret trove of treasure.
 50298 | Elf:1    | Found a crumbling gateway.
 50399 | Desolati | Entered the Desolation of Salt
 50476 | Desolati | Identified the ring of Geilav {rPois rC+}
 50491 | Desolati | Identified the ring "Geuw Jot" {Wiz MP+9 Str-4 Int+6 SInv}
 50505 | Desolati | Reached skill level 11 in Air Magic
 50506 | Desolati | Reached skill level 5 in Armour
 50536 | Desolati | You add the spells Ensorcelled Hibernation and Borgnjor's
                  | Vile Clutch to your library.
 50536 | Desolati | Got the Elucidation of the Ashen Serac
 50612 | Desolati | Got the Incunabulum of Lithic Filth
 50622 | Desolati | Reached skill level 5 in Fighting
 50623 | Desolati | Reached skill level 16 in Conjurations
 50629 | Desolati | Reached skill level 1 in Necromancy
 50689 | Desolati | Reached skill level 2 in Staves
 50941 | Desolati | Reached skill level 5 in Evocations
 50957 | Desolati | Identified the +11 triple crossbow "Ryskug" {flame, Str+4}
 50999 | Desolati | Reached skill level 2 in Necromancy
 51057 | Desolati | You add the spells Blink, Dazzling Flash and Flame Wave to
                  | your library.
 51057 | Desolati | Got the Volume of the Translocated Missiles
 51090 | Desolati | Identified the staff "Hydra's Doom" {rN+ Dex+3 Conj}
 51116 | Desolati | Identified the +2 pair of gloves of Hepliaklqana's Anger
                  | {rC+++ Regen+ rCorr Int-5 Dex-4}
 51328 | Desolati | Reached XP level 19. HP: 100/100 MP: 41/41
 51354 | Desolati | Identified the ring of the Empire {Fly rPois Str+2 Int+6}
 51431 | Desolati | Offered knowledge of Fire Storm by Vehumet.
 51431 | Desolati | Offered knowledge of Chain Lightning by Vehumet.
 51431 | Desolati | Offered knowledge of Maxwell's Capacitive Coupling by
                  | Vehumet.
 51456 | Desolati | Reached skill level 3 in Staves
 51554 | Desolati | Got Sif Muna's Grimoire of the Eleven Leylines
 51627 | Desolati | Got Sif Muna's Writings on Xenomorphic Dislocation
 51934 | Elf:1    | magus.rc [v1.9.6]
 52003 | Elf:1    | Reached skill level 3 in Necromancy
 52042 | Elf:1    | Learned a level 5 spell: Borgnjor's Vile Clutch
 52194 | Elf:1    | You add the spells Olgreb's Toxic Radiance, Ignition and
                  | Discord to your library.
 52815 | Elf:1    | You pick up a book of Misfortune and begin reading...
 52815 | Elf:1    | You add the spells Inner Flame and Enfeeble to your
                  | library.
 53069 | Elf:1    | You add the spells Teleport Other and Dispersal to your
                  | library.
 53103 | Elf:1    | Reached skill level 15 in Earth Magic
 53255 | Elf:2    | Identified a potion of experience
 53269 | Elf:2    | Reached skill level 6 in Fighting
 53269 | Elf:2    | Reached XP level 20. HP: 109/109 MP: 42/42
 53331 | Elf:2    | Found a radiant altar of Vehumet.
 53336 | Elf:2    | You pick up a book of Debilitation and begin reading...
 53336 | Elf:2    | You add the spells Slow, Sigil of Binding and Vampiric
                  | Draining to your library.
 53439 | Elf:2    | Reached skill level 6 in Evocations
 53656 | Elf:2    | Reached skill level 11 in Transmutations
 53661 | Elf:2    | Reached skill level 4 in Staves
 53661 | Elf:2    | Reached skill level 4 in Necromancy
 53661 | Elf:2    | HP: 20/104 [deep elf archer/arrow (15)]
 53986 | Elf:2    | Reached skill level 17 in Spellcasting
 54176 | Elf:2    | Found a runed translucent gate.
 54177 | Elf:2    | Found a runed translucent gate.
 54177 | Elf:2    | Found a runed translucent gate.
 54378 | Elf:2    | Identified the +7 chain mail "Xisicool" {Harm Will++ Str-5}
 54450 | Elf:3    | Entered Level 3 of the Elven Halls
 54525 | Elf:3    | Identified the +1 pair of boots of Experimentation {Regen+
                  | Int+5 Stlth+}
 54660 | Elf:3    | Paralysed by an air elemental for 1 turns
 55337 | Elf:3    | Identified the +5 great sword "Ufivyil" {heavy, rCorr Str+3
                  | Int+3 Dex-4}
 55337 | Elf:3    | Identified the +0 robe "Dinepum" {rElec rC+ rN+}
 55337 | Elf:3    | Identified the amulet of Exkynuj {Acrobat Int+3 Dex+3}
 55347 | Elf:3    | Reached skill level 5 in Necromancy
 55428 | Elf:3    | Reached skill level 5 in Staves
 55428 | Elf:3    | Reached skill level 7 in Evocations
 55588 | Elf:3    | Identified the amulet of Muetarr {Reflect Dex+3 SH+5}
 55590 | Elf:3    | Identified the +2 plate armour of the Frog {Int+2 Stlth+}
 55600 | Elf:3    | Identified the +3 falchion "Ihimetep" {heavy, +Blink Dex+2}
 56103 | Elf:3    | Identified the +7 hand axe of the Bedazzling Coward {venom,
                  | rF++ Will+}
 56172 | Elf:3    | Identified the +6 trident of the Swamp {flame, rF- Will+++
                  | rCorr Int+3}
 56269 | Elf:3    | Reached XP level 21. HP: 113/113 MP: 44/44
 56280 | Elf:3    | Found the +3 pair of mountain boots {steadfast, rC+}
 56283 | Elf:3    | You pick up a book of Decay and begin reading...
 56287 | Elf:3    | You pick up a book of Frost and begin reading...
 56296 | Elf:3    | Identified the +0 pair of boots of Conlaumu {+Blink}
 56301 | Elf:3    | You add the spells Haunt, Borgnjor's Revivification and
                  | Death's Door to your library.
 56303 | Elf:3    | You pick up a book of Minor Magic and begin reading...
 56303 | Elf:3    | You add the spells Magic Dart, Call Imp and Mephitic Cloud
                  | to your library.
 56321 | Elf:3    | You add the spells Summon Mana Viper and Polar Vortex to
                  | your library.
 56321 | Elf:3    | Got the Parchment of the Crystallized Wyrd
 56331 | Elf:3    | Identified the +5 triple crossbow of the End {heavy, rElec
                  | Will+ Str+4 Stlth+}
 56437 | Elf:3    | Reached skill level 6 in Necromancy
 56672 | Elf:3    | magus.rc [v1.9.6]
 56936 | Vaults:1 | Entered Level 1 of the Vaults
 57341 | Vaults:1 | Reached skill level 17 in Conjurations
 57554 | Vaults:1 | Reached skill level 12 in Transmutations
 57568 | Vaults:1 | Identified the +5 chain mail of Terrible Contentment {rCorr
                  | SInv}
 57791 | Vaults:1 | You pick up a book of Death and begin reading...
 57791 | Vaults:1 | You add the spells Animate Dead and Infestation to your
                  | library.
 57850 | Vaults:1 | Reached skill level 18 in Spellcasting
 57850 | Vaults:1 | Reached skill level 7 in Necromancy
 57910 | Vaults:1 | Reached skill level 16 in Earth Magic
 59632 | Vaults:2 | Reached skill level 8 in Necromancy
 59712 | Vaults:2 | Noticed Mennas
 59716 | Vaults:2 | Noticed Donald
 59734 | Vaults:2 | Killed Donald
 59817 | Vaults:2 | Noticed Frederick
 59821 | Vaults:2 | Killed Frederick
 59879 | Vaults:2 | Killed Mennas
 60046 | Vaults:2 | Found a staircase to the Crypt.
 60187 | Vaults:2 | Reached skill level 13 in Transmutations
 60253 | Vaults:2 | Found a magical portal.
 60279 | WizLab   | Entered Wucad Mu's Monastery
 60676 | Vaults:2 | Reached skill level 9 in Necromancy
 61129 | Snake:4  | Bought a potion of experience for 650 gold pieces
 61129 | Snake:4  | Reached skill level 7 in Fighting
 61129 | Snake:4  | Reached XP level 22. HP: 121/121 MP: 46/46
 61552 | Vaults:3 | You pick up a book of Minor Magic and begin reading...
 61762 | Vaults:2 | Found Oczaruu's Weapon Emporium.
 62433 | Vaults:3 | Noticed Boris
 62442 | Vaults:3 | Killed Boris
 62443 | Vaults:3 | Reached skill level 19 in Spellcasting
 62526 | Vaults:3 | Reached XP level 23. HP: 113/126 MP: 44/48
 62707 | Vaults:3 | Reached skill level 18 in Conjurations
 62760 | Vaults:3 | You pick up a book of Power and begin reading...
 63036 | Vaults:3 | Reached skill level 17 in Earth Magic
 63063 | Vaults:3 | Reached skill level 10 in Necromancy
 63596 | Vaults:3 | You pick up a book of Changes and begin reading...
 63605 | Vaults:3 | Noticed Mara
 63615 | Vaults:3 | Killed Mara
 63946 | Elf:1    | You paid a toll of a +4 demon blade to enter a treasure
                  | trove
 63947 | Trove    | Entered a treasure trove
 63957 | Trove    | Identified the ring of Xom's Capriciousness {Wiz rElec
                  | rCorr}
 63959 | Trove    | Identified the ring "Zoacvot" {Ice Stlth+}
 63961 | Trove    | Identified the ring "Joulieg" {rF+ Str+6}
 63965 | Trove    | Identified the ring of Irrepressible Laughter {rElec rN+}
 63969 | Trove    | Identified the ring of Tyalai {rF+ Will- Dex+2 Slay+4}
 63971 | Trove    | Identified the ring "Ezoklorph" {rC- rN+ Str+2 Int+2 SInv}
 63973 | Trove    | Identified the ring of Wile {Ice Contam *Slow +Blink rN+++}
 63979 | Trove    | Identified the amulet of Udwil {rF+ rC+ Regen+ Dex+3}
 63983 | Trove    | Identified the ring of Kocuugask {rPois rN+}
 63985 | Trove    | Identified the amulet "Lekoag" {Acrobat rElec rPois rCorr
                  | Dex+5}
 64396 | Vaults:3 | HP: 17/126 [yaktaur captain/bolt (36)]
 64482 | Vaults:3 | HP: 19/126 [stone giant/large rock (19)]
 64484 | Vaults:3 | HP: 1/126 [stone giant/large rock (22)]
 65150 | Vaults:4 | You pick up a book of Scorching and begin reading...
 65150 | Vaults:4 | You add the spells Scorch and Summon Cactus Giant to your
                  | library.
 65151 | Vaults:4 | magus.rc [v1.9.6]
 65700 | Elf:3    | Learned a level 7 spell: Orb of Destruction
 65705 | Elf:3    | Learned a level 4 spell: Dispel Undead
 65705 | Elf:3    | magus.rc [v1.9.6]
 66280 | Vaults:4 | Reached skill level 14 in Transmutations
 66288 | Vaults:4 | Noticed Jory
 66295 | Vaults:4 | Killed Jory
 67802 | D:8      | Bought a potion of haste for 270 gold pieces
 67802 | D:8      | Bought a potion of haste for 270 gold pieces
 67862 | D:8      | Bought a condenser vane for 600 gold pieces
 68482 | Vaults:5 | Entered Level 5 of the Vaults
 68482 | Vaults:5 | Noticed Xtahua
 68485 | Vaults:5 | Reached skill level 11 in Necromancy
 68491 | Vaults:5 | Reached skill level 12 in Air Magic
 68496 | Vaults:5 | Killed Xtahua
 68497 | Vaults:5 | Reached skill level 20 in Spellcasting
 69052 | D:1      | Bought a potion of brilliance for 56 gold pieces
 69331 | Snake:4  | Bought a potion of brilliance for 52 gold pieces
 70324 | Vaults:5 | Reached XP level 24. HP: 132/132 MP: 37/49
 70426 | Vaults:5 | Reached skill level 19 in Conjurations
 70438 | Vaults:5 | Got a silver rune of Zot
 70603 | Vaults:5 | Identified the +9 flail "Beimoczuo" {flame, rPois Str+7
                  | SInv}
 70618 | Vaults:5 | Reached skill level 12 in Necromancy
 70660 | Vaults:5 | Reached skill level 18 in Earth Magic
 70669 | Vaults:5 | magus.rc [v1.9.6]
 70809 | Vaults:5 | Found Efuqom's Distillery.
 70816 | Vaults:5 | Bought a potion of heal wounds for 75 gold pieces
 70816 | Vaults:5 | Bought a potion of magic for 120 gold pieces
 70816 | Vaults:5 | Bought 2 potions of invisibility for 240 gold pieces
 70816 | Vaults:5 | Bought a potion of magic for 120 gold pieces
 70816 | Vaults:5 | Bought a potion of haste for 150 gold pieces
 70816 | Vaults:5 | Bought a potion of haste for 150 gold pieces
 70851 | Vaults:5 | Reached skill level 15 in Transmutations
 71095 | Vaults:5 | +0 shadow dragon scales {rare}; a shadow dragon corpse
 71171 | Vaults:5 | Identified the +1 pair of gloves "Eteul" {rC+ Will+ Str-4
                  | SInv}
 71174 | Vaults:5 | Identified the beast talisman "Roezxetos" {Str+4}
 71292 | Vaults:5 | Identified the staff of the Fabulous God {rElec Will- Str+5
                  | Stlth+ Air}
 71300 | Vaults:5 | Identified the +3 spear of Tiufoaqe {vamp, +Blink rElec
                  | rF++ Int+3}
 71304 | Vaults:5 | Identified the +4 flail of Somewhere Else {protect, +Blink
                  | rPois rC- Int+7}
 71459 | Vaults:5 | Identified the +1 chain mail of the Planets {Will+}
 71544 | Vaults:5 | Identified the +2 morningstar of Ficuz {venom, Fly Str+4
                  | Dex+3}
 71544 | Vaults:5 | Identified the ring of Nuxil {Fly rElec Slay+4}
 72019 | Vaults:5 | quicksilver dragon scales {rare}; a quicksilver dragon
                  | corpse
 72022 | Vaults:5 | quicksilver dragon scales {rare}; a quicksilver dragon
                  | corpse
 72022 | Vaults:5 | B - quicksilver dragon scales {rare}
 72023 | Vaults:5 | magus.rc [v1.9.6]
 72618 | Slime:1  | Entered Level 1 of the Pits of Slime
 72767 | Lair:5   | You finish putting on your quicksilver dragon scales
                  | {rare}.
 72785 | Slime:1  | Paralysed by a formless jellyfish for 1 turns
 72920 | Lair:5   | Learned a level 3 spell: Hailstorm
 72927 | Lair:5   | Reached skill level 13 in Air Magic
 73102 | Slime:2  | Noticed Dissolution
 73223 | Slime:2  | HP: 28/132 [rockslime (42)]
 73921 | Slime:2  | Killed Dissolution
 74259 | Slime:2  | Reached skill level 21 in Spellcasting
 74467 | Slime:2  | magus.rc [v1.9.6]
 74469 | Slime:2  | Paralysed by a formless jellyfish for 1 turns
 74900 | Depths:1 | Entered Level 1 of the Depths
 74917 | Depths:1 | Reached skill level 13 in Necromancy
 75929 | Depths:1 | Found a gateway to Hell.
 76172 | Depths:2 | Noticed Norris
 76387 | Depths:1 | Killed Norris
 76959 | Depths:2 | Reached skill level 8 in Fighting
 77746 | Depths:2 | Reached skill level 16 in Transmutations
 77904 | Depths:2 | Reached XP level 25. HP: 136/136 MP: 34/50
 77932 | Depths:2 | Noticed Vv
 77936 | Depths:2 | You are sucked into a shaft and drop 1 floor!
 78256 | Depths:3 | Reached skill level 20 in Conjurations
 78471 | Depths:2 | Found a one-way gate to the infinite horrors of the Abyss.
 78863 | Depths:2 | Noticed a caustic shrike
 78866 | Depths:2 | Killed a caustic shrike
 78867 | Depths:2 | HP: 16/138 [deep elf master archer/arrow (32)]
 78868 | Depths:2 | Reached skill level 19 in Earth Magic
 79109 | Depths:2 | You pick up a book of Decay and begin reading...
 79123 | Depths:2 | Got Jufuomip's Almanac of Telluric Charms
 79216 | Depths:2 | Found a one-way gate leading to the halls of Pandemonium.
 79297 | Depths:2 | Killed Vv
 79305 | Depths:2 | Noticed a caustic shrike
 79349 | Depths:2 | Noticed a caustic shrike
 79352 | Depths:2 | Killed a caustic shrike
 79438 | Depths:2 | You pick up a book of Displacement and begin reading...
 79465 | Depths:2 | Identified the staff of Nolom {rElec rPois rF+ Dex+4
                  | Poison}
 79611 | Depths:2 | Reached skill level 14 in Air Magic
 80418 | Depths:2 | You pick up a book of the Spheres and begin reading...
 80557 | Depths:2 | magus.rc [v1.9.6]
 80557 | Depths:2 | magus.rc [v1.9.6]
 80745 | Vaults:1 | Learned a level 9 spell: Shatter
 80978 | Depths:3 | Reached skill level 22 in Spellcasting
 81205 | Depths:3 | Noticed a caustic shrike
 81211 | Depths:3 | Noticed a caustic shrike
 81215 | Depths:3 | Killed a caustic shrike
 81216 | Depths:3 | HP: 34/138 [living spell/divine providence[a walking divine
                  | tome] (13)]
 81217 | Depths:3 | Killed a caustic shrike
 81219 | Depths:3 | Noticed a caustic shrike
 81453 | Depths:3 | Killed a caustic shrike
 81453 | Depths:3 | Noticed a caustic shrike
 81457 | Depths:3 | Killed a caustic shrike
 81469 | Depths:3 | Identified the +6 war axe "Qunlamor" {spect, rC- rN++
                  | Will+}
 81478 | Depths:3 | Gained mutation: You are clumsy. (Dex -2) [mutagenic glow]
 81502 | Depths:2 | Gained mutation: You do not regenerate when monsters are
                  | visible. [mutagenic glow]
 81519 | Depths:2 | Gained mutation: Your body sometimes deteriorates upon
                  | taking damage. [mutagenic glow]
 81814 | Depths:3 | Reached skill level 20 in Earth Magic
 82122 | Depths:3 | Reached skill level 23 in Spellcasting
 82205 | Depths:3 | Found a blossoming altar of Fedhas.
 82305 | Depths:4 | Entered Level 4 of the Depths
 82379 | Depths:4 | Identified +0 gold dragon scales
 82543 | Depths:4 | Found a radiant altar of Vehumet.
 82704 | Depths:4 | Found a one-way gateway to a ziggurat.
 83364 | Depths:4 | Found a glowing golden altar of the Shining One.
 83587 | Depths:4 | Found a gate to the Realm of Zot.
 83788 | Depths:4 | +0 storm dragon scales {rare}; a storm dragon corpse
 83805 | Depths:4 | +0 storm dragon scales {rare}; a storm dragon corpse
 84292 | Crypt:1  | Entered Level 1 of the Crypt
 84626 | Snake:1  | Lost mutation: Your body sometimes deteriorates upon taking
                  | damage. [potion of mutation]
 84626 | Snake:1  | Lost mutation: You do not regenerate when monsters are
                  | visible. [potion of mutation]
 84626 | Snake:1  | Lost mutation: You are clumsy. (Dex -2) [potion of
                  | mutation]
 84626 | Snake:1  | Gained mutation: Your magical capacity is low. (-10% MP)
                  | [potion of mutation]
 84626 | Snake:1  | Gained mutation: Armour fits poorly on your strangely
                  | shaped body. [potion of mutation]
 84627 | Snake:1  | Lost mutation: Armour fits poorly on your strangely shaped
                  | body. [potion of mutation]
 84627 | Snake:1  | Lost mutation: Your magical capacity is low. (-10% MP)
                  | [potion of mutation]
 84627 | Snake:1  | Gained mutation: You are occasionally teleported next to
                  | monsters. [potion of mutation]
 84627 | Snake:1  | Gained mutation: Your mind is acute. (Int +4, Str/Dex -1)
                  | [potion of mutation]
 84627 | Snake:1  | Gained mutation: You are agile. (Dex +4, Str/Int -1)
                  | [potion of mutation]
 84628 | Snake:1  | Lost mutation: Your mind is acute. (Int +4, Str/Dex -1)
                  | [potion of mutation]
 84628 | Snake:1  | Lost mutation: You are agile. (Dex +4, Str/Int -1) [potion
                  | of mutation]
 84628 | Snake:1  | Gained mutation: You passively dampen the noise of your
                  | surroundings. [potion of mutation]
 84628 | Snake:1  | Gained mutation: You are agile. (Dex +4, Str/Int -1)
                  | [potion of mutation]
 84629 | Snake:1  | Lost mutation: You are agile. (Dex +4, Str/Int -1) [potion
                  | of mutation]
 84629 | Snake:1  | Lost mutation: You are occasionally teleported next to
                  | monsters. [potion of mutation]
 84629 | Snake:1  | Lost mutation: You passively dampen the noise of your
                  | surroundings. [potion of mutation]
 84629 | Snake:1  | Gained mutation: You are frail. (-10% HP) [potion of
                  | mutation]
 84629 | Snake:1  | Gained mutation: You have sharp toenails. [potion of
                  | mutation]
 85456 | Crypt:1  | Reached skill level 24 in Spellcasting
 85671 | Crypt:1  | Reached XP level 26. HP: 129/129 MP: 53/53
 85851 | Crypt:1  | Reached skill level 21 in Earth Magic
 85971 | Crypt:1  | You pick up a book of Beasts and begin reading...
 86536 | Crypt:2  | Noticed Zenata
 86937 | Crypt:2  | Killed Zenata
 87579 | Crypt:2  | You pick up a book of Iron and begin reading...
 87580 | Crypt:2  | Found an ancient bone altar of Kikubaaqudgha.
 88044 | Crypt:2  | magus.rc [v1.9.6]
 88066 | Crypt:3  | Entered Level 3 of the Crypt
 88448 | Crypt:3  | Reached skill level 25 in Spellcasting
 88848 | Crypt:3  | Found an ancient bone altar of Kikubaaqudgha.
 89008 | Crypt:3  | Reached skill level 22 in Earth Magic
 89825 | Crypt:3  | You pick up a book of Touch and begin reading...
 90319 | Crypt:3  | You pick up a book of Iron and begin reading...
 90355 | Crypt:3  | Identified the amulet "Saydgh" {rPois Regen+ Str+2}
 90370 | Crypt:3  | Found a staircase to the Tomb.
 90382 | Crypt:3  | You pick up a book of Debilitation and begin reading...
 90635 | Crypt:3  | You pick up a book of Spectacle and begin reading...
 90635 | Crypt:3  | You add the spells Volatile Blastmotes, Starburst and
                  | Maxwell's Capacitive Coupling to your library.
 90715 | Crypt:3  | Got the Notes on Sciomancy
 90846 | Crypt:3  | Learned a level 9 spell: Chain Lightning
 91097 | Hell     | Entered the Vestibule of Hell
 91097 | Hell     | Noticed Geryon
 91258 | Depths:1 | Reached skill level 26 in Spellcasting
 91292 | Hell     | Noticed Murray
 91495 | Hell     | Killed Murray
 91647 | Hell     | Killed Geryon
 91977 | Hell     | Reached skill level 23 in Earth Magic
 92257 | Hell     | Found a gateway to the Iron City of Dis.
 92312 | Hell     | Found a gateway to the freezing wastes of Cocytus.
 92570 | Hell     | Found a gateway to the decaying netherworld of Tartarus.
 92866 | Hell     | Found a gateway to the ashen valley of Gehenna.
 93033 | Hell     | magus.rc [v1.9.6]
 93160 | Zot:1    | Entered Level 1 of the Realm of Zot
 93212 | Depths:4 | Identified +0 gold dragon scales
 93938 | Zot:1    | Identified +0 gold dragon scales
 93939 | Zot:1    | Noticed an electric golem
 93944 | Zot:1    | Killed an electric golem
 93958 | Zot:1    | Reached XP level 27. HP: 133/133 MP: 38/55
 94206 | Zot:1    | +0 gold dragon scales {rare}; a golden dragon skeleton
 94505 | Zot:1    | Reached skill level 27 in Spellcasting
 94583 | Zot:1    | Noticed an orb of fire
 94677 | Zot:1    | Reached skill level 15 in Air Magic
 95193 | Zot:1    | Found a runed translucent gate.
 95194 | Zot:1    | Found a runed translucent gate.
 95194 | Zot:1    | Found a runed translucent gate.
 95195 | Zot:1    | Noticed Vaid's ghost (master GnFi)
 95195 | Zot:1    | Noticed Bealaq's ghost (legendary GnFE)
 95196 | Zot:1    | Noticed Covvyleb's ghost (veteran DrIE)
 95196 | Zot:1    | Noticed Wukiw's ghost (legendary MiBe)
 95473 | Zot:1    | Gained mutation: You possess an exceptional clarity of
                  | mind. [an orb of fire]
 95479 | Zot:1    | Gained mutation: You occasionally shout uncontrollably at
                  | your foes. [an orb of fire]
 95482 | Zot:1    | Killed an orb of fire
 95599 | Zot:2    | Found the +4 dragonskin cloak
 95599 | Zot:2    | Tiamat, Avatar of the Dragonlord comes into view. She is
                  | wielding a +4 bardiche of venom and wearing the +4
                  | dragonskin cloak.
 95599 | Zot:2    | Noticed Tiamat
 95602 | Zot:2    | Aim: Tiamat, wielding a +4 bardiche of venom and wearing
                  | the +4 dragonskin cloak (poison gas, lightly wounded)
 95602 | Zot:2    | Aim: Tiamat, wielding a +4 bardiche of venom and wearing
                  | the +4 dragonskin cloak (poison gas, lightly wounded)
 95604 | Zot:2    | Aim: Tiamat, wielding a +4 bardiche of venom and wearing
                  | the +4 dragonskin cloak (poison gas, moderately wounded,
                  | catching her breath)
 95605 | Zot:2    | Aim: Tiamat, wielding a +4 bardiche of venom and wearing
                  | the +4 dragonskin cloak (moderately wounded, 83% to hit)
 95605 | Zot:2    | Aim: Tiamat, wielding a +4 bardiche of venom and wearing
                  | the +4 dragonskin cloak (moderately wounded, 83% to hit)
 95606 | Zot:2    | Aim: Tiamat, wielding a +4 bardiche of venom and wearing
                  | the +4 dragonskin cloak (poison gas, moderately wounded,
                  | 100% to hit)
 95606 | Zot:2    | Aim: Tiamat, wielding a +4 bardiche of venom and wearing
                  | the +4 dragonskin cloak (poison gas, moderately wounded,
                  | 100% to hit)
 95607 | Zot:2    | Aim: Tiamat, wielding a +4 bardiche of venom and wearing
                  | the +4 dragonskin cloak (poison gas, moderately wounded,
                  | berserk, constricted by zombie hands, 100% to hit)
 95607 | Zot:2    | Aim: Tiamat, wielding a +4 bardiche of venom and wearing
                  | the +4 dragonskin cloak (poison gas, moderately wounded,
                  | berserk, constricted by zombie hands, 100% to hit)
 95608 | Zot:2    | Aim: Tiamat, wielding a +4 bardiche of venom and wearing
                  | the +4 dragonskin cloak (poison gas, heavily wounded,
                  | berserk, constricted by zombie hands, 100% to hit)
 95608 | Zot:2    | Aim: Tiamat, wielding a +4 bardiche of venom and wearing
                  | the +4 dragonskin cloak (poison gas, heavily wounded,
                  | berserk, constricted by zombie hands, 100% to hit)
 95609 | Zot:2    | HP: 4/133 [Tiamat/+4 bardiche of venom (56)]
 96002 | Zot:2    | Noticed an electric golem
 96074 | Zot:2    | Killed an electric golem
 96075 | Zot:2    | Reached skill level 16 in Air Magic
 96801 | Zot:2    | Reached skill level 17 in Air Magic
 96812 | Zot:2    | Aim: Tiamat, wielding a +4 bardiche of venom and wearing
                  | the +4 dragonskin cloak (83% to hit)
 96812 | Zot:2    | Aim: Tiamat, wielding a +4 bardiche of venom and wearing
                  | the +4 dragonskin cloak (83% to hit)
 96813 | Zot:2    | Aim: Tiamat, wielding a +4 bardiche of venom and wearing
                  | the +4 dragonskin cloak (lightly wounded, 83% to hit)
 96813 | Zot:2    | Aim: Tiamat, wielding a +4 bardiche of venom and wearing
                  | the +4 dragonskin cloak (lightly wounded, 83% to hit)
 96814 | Zot:2    | Aim: Tiamat, wielding a +4 bardiche of venom and wearing
                  | the +4 dragonskin cloak (poison gas, moderately wounded,
                  | 83% to hit)
 96814 | Zot:2    | Aim: Tiamat, wielding a +4 bardiche of venom and wearing
                  | the +4 dragonskin cloak (poison gas, moderately wounded,
                  | 83% to hit)
 96815 | Zot:2    | Aim: Tiamat, wielding a +4 bardiche of venom and wearing
                  | the +4 dragonskin cloak (heavily wounded, 100% to hit)
 96815 | Zot:2    | Aim: Tiamat, wielding a +4 bardiche of venom and wearing
                  | the +4 dragonskin cloak (heavily wounded, 100% to hit)
 96816 | Zot:2    | Fragment what (e.g. wall or brittle monster)?: Tiamat,
                  | wielding a +4 bardiche of venom and wearing the +4
                  | dragonskin cloak (heavily wounded, constricted by zombie
                  | hands)
 96823 | Zot:2    | HP: 31/133 [black draconian knight/shard of ice[Tiamat]
                  | (8)]
 96827 | Zot:2    | HP: 6/126 [shadow dragon/bolt of negative energy (33)]
 97387 | Zot:2    | Noticed a curse toe
 97415 | Zot:2    | Killed a curse toe
 97797 | Zot:2    | Aim: Tiamat, wielding a +4 bardiche of venom and wearing
                  | the +4 dragonskin cloak (catching her breath)
 97797 | Zot:2    | Aim: Tiamat, wielding a +4 bardiche of venom and wearing
                  | the +4 dragonskin cloak (catching her breath)
 97798 | Zot:2    | Aim: Tiamat, wielding a +4 bardiche of venom and wearing
                  | the +4 dragonskin cloak (freezing vapour, slow, catching
                  | her breath, 100% to hit)
 97798 | Zot:2    | Aim: Tiamat, wielding a +4 bardiche of venom and wearing
                  | the +4 dragonskin cloak (freezing vapour, slow, catching
                  | her breath, 100% to hit)
 97808 | Zot:2    | Aim: Tiamat, wielding a +4 bardiche of venom and wearing
                  | the +4 dragonskin cloak (freezing vapour, heavily wounded,
                  | slow, 100% to hit)
 97808 | Zot:2    | Aim: Tiamat, wielding a +4 bardiche of venom and wearing
                  | the +4 dragonskin cloak (freezing vapour, heavily wounded,
                  | slow, 100% to hit)
 97809 | Zot:2    | Aim: Tiamat, wielding a +4 bardiche of venom and wearing
                  | the +4 dragonskin cloak (freezing vapour, heavily wounded,
                  | slow, constricted by zombie hands, 100% to hit)
 97809 | Zot:2    | Aim: Tiamat, wielding a +4 bardiche of venom and wearing
                  | the +4 dragonskin cloak (freezing vapour, heavily wounded,
                  | slow, constricted by zombie hands, 100% to hit)
 97810 | Zot:2    | Aim: Tiamat, wielding a +4 bardiche of venom and wearing
                  | the +4 dragonskin cloak (freezing vapour, heavily wounded,
                  | slow, constricted by zombie hands, 100% to hit)
 97810 | Zot:2    | Aim: Tiamat, wielding a +4 bardiche of venom and wearing
                  | the +4 dragonskin cloak (freezing vapour, heavily wounded,
                  | slow, constricted by zombie hands, 100% to hit)
 97811 | Zot:2    | Aim: Tiamat, wielding a +4 bardiche of venom and wearing
                  | the +4 dragonskin cloak (freezing vapour, severely wounded,
                  | slow, catching her breath, constricted by zombie hands,
                  | 100% to hit)
 97811 | Zot:2    | Aim: Tiamat, wielding a +4 bardiche of venom and wearing
                  | the +4 dragonskin cloak (freezing vapour, severely wounded,
                  | slow, catching her breath, constricted by zombie hands,
                  | 100% to hit)
 97812 | Zot:2    | Aim: Tiamat, wielding a +4 bardiche of venom and wearing
                  | the +4 dragonskin cloak (freezing vapour, almost dead,
                  | slow, catching her breath, constricted by zombie hands,
                  | 100% to hit)
 97812 | Zot:2    | Aim: Tiamat, wielding a +4 bardiche of venom and wearing
                  | the +4 dragonskin cloak (freezing vapour, almost dead,
                  | slow, catching her breath, constricted by zombie hands,
                  | 100% to hit)
 97812 | Zot:2    | Killed Tiamat
 98101 | Zot:2    | Found a transporter.
 98122 | Zot:2    | Reached skill level 18 in Air Magic
 98204 | Zot:2    | magus.rc [v1.9.6]
 98243 | Zot:2    | Found a transporter.
 98244 | Zot:2    | Found a transporter.
 98300 | Zot:2    | Found a transporter.
 99294 | Zot:3    | You pick up a book of Hexes and begin reading...
 99778 | Zot:3    | Identified +0 gold dragon scales
 99779 | Zot:3    | Reached skill level 19 in Air Magic
 99898 | Zot:3    | +0 storm dragon scales {rare}; a storm dragon corpse
 99901 | Zot:3    | +0 gold dragon scales {rare}; a golden dragon corpse
 99918 | Zot:3    | Identified the ring "Kadymes" {rPois rC- Str+5 Int+3 SInv}
 99950 | Zot:3    | +0 gold dragon scales {rare}; a golden dragon corpse
 99953 | Zot:3    | +0 storm dragon scales {rare}; a storm dragon corpse
100088 | Zot:3    | +0 storm dragon scales {rare}; a storm dragon corpse
100312 | Zot:4    | Noticed a curse toe
100326 | Zot:4    | Killed a curse toe
100342 | Zot:4    | quicksilver dragon scales {rare}; a +0 mace {mace}; a
                  | quicksilver dragon corpse
100415 | Zot:4    | Identified +0 gold dragon scales
100746 | Zot:4    | +0 gold dragon scales {rare}; a golden dragon skeleton
100765 | Zot:4    | Reached skill level 8 in Evocations
100808 | Zot:4    | Reached skill level 9 in Dodging
100953 | Zot:4    | Identified the maw talisman of Lust {rElec Dex-2 Slay+2}
100995 | Zot:4    | Identified +9 gold dragon scales
100995 | Zot:4    | Noticed Parghit
101019 | Zot:4    | Reached skill level 9 in Fighting
101209 | Zot:4    | Noticed an electric golem
101209 | Zot:4    | Noticed an electric golem
101213 | Zot:4    | Killed an electric golem
101215 | Zot:4    | Killed an electric golem
101800 | Zot:4    | Identified the +2 helmet of Chill Winds {-Cast Str+8 Dex+3}
102555 | Slime:5  | Entered Level 5 of the Pits of Slime
102848 | Slime:5  | Reached skill level 10 in Dodging
102880 | Slime:5  | Noticed the Royal Jelly
102956 | Slime:5  | Reached skill level 9 in Evocations
103176 | Slime:3  | Reached skill level 6 in Staves
103545 | Slime:4  | Gained mutation: Armour fits poorly on your strangely
                  | shaped body. [a shining eye]
104245 | Slime:5  | Reached skill level 20 in Air Magic
104445 | Slime:5  | Found a viscous altar of Jiyva.
104475 | Slime:5  | Identified the staff of Rear {Fly rN+ Necro}
104479 | Slime:5  | You pick up a book of Touch and begin reading...
104494 | Slime:5  | Got a slimy rune of Zot
104495 | Slime:5  | Identified the staff "Qevu" {+Blink rElec rPois rN+ Air}
104514 | Slime:5  | You pick up a book of Conjurations {@e2} and begin
                  | reading...
104514 | Slime:5  | You add the spells Searing Ray and Fulminant Prism to your
                  | library.
104556 | Slime:5  | Identified a scroll of acquirement
104557 | Slime:5  | Acquired 1255 gold pieces
104586 | Slime:5  | Identified the +4 lajatang of the Skies Above {vamp, *Slow
                  | Dex+8}
104620 | Slime:5  | Identified the +9 sling of the Brain {speed, rF+ Dex+3}
104787 | Shoals:1 | Learned a level 8 spell: Maxwell's Capacitive Coupling
104787 | Shoals:1 | Lost mutation: You possess an exceptional clarity of mind.
                  | [potion of mutation]
104787 | Shoals:1 | Lost mutation: You are frail. (-10% HP) [potion of
                  | mutation]
104787 | Shoals:1 | Gained mutation: You passively map a small area around you.
                  | [potion of mutation]
104787 | Shoals:1 | Gained mutation: You occasionally lose the ability to read
                  | scrolls when taking damage. [potion of mutation]
104787 | Shoals:1 | Gained mutation: You have razor-sharp toenails. [potion of
                  | mutation]
104787 | Shoals:1 | Gained mutation: You have supernaturally acute eyesight.
                  | (SInv) [potion of mutation]
105028 | Snake:4  | Lost mutation: You occasionally shout uncontrollably at
                  | your foes. [potion of mutation]
105028 | Snake:4  | Lost mutation: You occasionally lose the ability to read
                  | scrolls when taking damage. [potion of mutation]
105028 | Snake:4  | Gained mutation: You are weak. (Str -2) [potion of
                  | mutation]
105028 | Snake:4  | Gained mutation: You occasionally lose the ability to drink
                  | potions when taking damage. [potion of mutation]
105028 | Snake:4  | Gained mutation: Your spells are a little harder to cast,
                  | but a little more powerful. [potion of mutation]
105482 | Elf:3    | Lost mutation: Armour fits poorly on your strangely shaped
                  | body. [potion of mutation]
105482 | Elf:3    | Lost mutation: You passively map a small area around you.
                  | [potion of mutation]
105482 | Elf:3    | Lost mutation: Your spells are a little harder to cast, but
                  | a little more powerful. [potion of mutation]
105482 | Elf:3    | Gained mutation: You sometimes lose your temper in combat.
                  | [potion of mutation]
105482 | Elf:3    | Gained mutation: You have hidden genetic potential. [potion
                  | of mutation]
105784 | Hell     | Lost mutation: You have hidden genetic potential. [potion
                  | of mutation]
105784 | Hell     | Lost mutation: You have supernaturally acute eyesight.
                  | (SInv) [potion of mutation]
105784 | Hell     | Gained mutation: You sometimes lose the ability to drink
                  | potions when taking damage. [potion of mutation]
105785 | Hell     | Lost mutation: You have razor-sharp toenails. [potion of
                  | mutation]
105785 | Hell     | Lost mutation: You are weak. (Str -2) [potion of mutation]
105785 | Hell     | Lost mutation: You have sharp toenails. [potion of
                  | mutation]
105785 | Hell     | Gained mutation: You are occasionally teleported next to
                  | monsters. [potion of mutation]
105785 | Hell     | Gained mutation: You occasionally shout uncontrollably at
                  | your foes. [potion of mutation]
106075 | Vaults:5 | Bought a potion of mutation for 120 gold pieces
106075 | Vaults:5 | Bought a potion of mutation for 120 gold pieces
106075 | Vaults:5 | Bought 2 potions of mutation for 240 gold pieces
106075 | Vaults:5 | Bought a potion of curing for 45 gold pieces
106075 | Vaults:5 | Lost mutation: You are occasionally teleported next to
                  | monsters. [potion of mutation]
106075 | Vaults:5 | Lost mutation: You sometimes lose your temper in combat.
                  | [potion of mutation]
106075 | Vaults:5 | Lost mutation: You occasionally shout uncontrollably at
                  | your foes. [potion of mutation]
106075 | Vaults:5 | Gained mutation: You are partially covered in iridescent
                  | scales. (AC +2) [potion of mutation]
106075 | Vaults:5 | Lost mutation: You sometimes lose the ability to drink
                  | potions when taking damage. [potion of mutation]
106075 | Vaults:5 | Gained mutation: You have supernaturally acute eyesight.
                  | (SInv) [potion of mutation]
106689 | Elf:2    | Reached skill level 7 in Staves
106856 | Elf:2    | Reached skill level 10 in Fighting
106860 | Elf:2    | Reached skill level 10 in Evocations
107206 | Elf:2    | Upgraded the game from 0.31-a0-1074-g0b22e4e0f1 to
                  | 0.31-a0-1163-gcee99d1eea
107206 | Elf:2    | magus.rc [v1.9.6]
107679 | Zig:1    | Entered Level 1 of a ziggurat
107694 | Zig:2    | Entered Level 2 of a ziggurat
107726 | Zig:2    | You add the spells Ignite Poison and Sticky Flame to your
                  | library.
107743 | Zig:2    | Acquired the +2 pair of gloves of Qinifyd {Will+ Regen+}
107747 | Zig:3    | Entered Level 3 of a ziggurat
107778 | Zig:4    | Entered Level 4 of a ziggurat
108033 | Zig:5    | Entered Level 5 of a ziggurat
108193 | Zig:6    | Entered Level 6 of a ziggurat
108207 | Zig:6    | HP: 32/152 [torment (24)]
108413 | Zig:6    | Reached skill level 11 in Fighting
108415 | Zig:6    | You pick up a book of Misfortune and begin reading...
108521 | Zig:7    | Entered Level 7 of a ziggurat
108538 | Zig:7    | You pick up a book of Changes and begin reading...
108544 | Zig:7    | Identified the +9 mace "Hydraslayer" {holy, Contam rC+
                  | Str+7}
108556 | Zig:8    | Entered Level 8 of a ziggurat
108929 | Zig:8    | You pick up a book of Storms and begin reading...
108931 | Zig:8    | You pick up a book of Flames and begin reading...
108943 | Zig:8    | Identified the +1 scale mail of Ynefuedi {Harm Str+3}
109242 | Zig:9    | Entered Level 9 of a ziggurat
109409 | Zig:9    | Identified the ring "Vaokhlare" {Fly Int+4}
109411 | Zig:9    | You pick up a book of Geomancy and begin reading...
109422 | Zig:9    | You add the spells Malign Gateway and Summon Horrible
                  | Things to your library.
109545 | Zig:9    | Reached skill level 12 in Fighting
109549 | Zig:9    | Reached skill level 24 in Earth Magic
109775 | Zot:5    | Entered Level 5 of the Realm of Zot
110220 | Zot:5    | Noticed an orb of fire
110222 | Zot:5    | Killed an orb of fire
110223 | Zot:5    | Reached skill level 8 in Staves
110223 | Zot:5    | Reached skill level 11 in Evocations
111437 | Zot:5    | Noticed an orb of fire
111613 | Zot:5    | Noticed an electric golem
111621 | Zot:5    | Gained mutation: You are vulnerable to heat. (rF-) [an orb
                  | of fire]
111622 | Zot:5    | Killed an orb of fire
111623 | Zot:5    | Reached skill level 21 in Conjurations
111746 | Zot:5    | Noticed an ancient lich
111751 | Zot:5    | Killed an ancient lich
112198 | Zot:5    | Noticed a dread lich
112292 | Zot:5    | Reached skill level 9 in Staves
112558 | Zot:5    | Noticed an electric golem
112563 | Zot:5    | Killed an electric golem
112603 | Zot:5    | Reached skill level 12 in Evocations
112834 | Zot:5    | Killed a dread lich
113002 | Zot:5    | Reached skill level 21 in Air Magic
113434 | Zot:5    | Got the Orb of Zot
113463 | Zot:3    | Noticed Iffo the pandemonium lord
113538 | Zot:1    | Reached skill level 10 in Staves
113563 | Zot:1    | Noticed Cidgheig the pandemonium lord
113568 | Zot:1    | Killed Cidgheig the pandemonium lord
113576 | Zot:1    | Noticed Nostroh the pandemonium lord
113581 | Zot:1    | Noticed Ipleups the pandemonium lord
113618 | Depths:4 | Noticed Hameh the pandemonium lord
113625 | Depths:4 | Killed Hameh the pandemonium lord
114137 | D:1      | magus.rc [v1.9.6]
114138 | D:$      | Escaped with the Orb!

Vanquished Creatures
  Dissolution (Slime:2)
  A dread lich (Zot:5)
  3 orbs of fire
  2 pandemonium lords
  Tiamat (Zot:2)
  An ancient lich (Zot:5)
  Mara (Vaults:3)
  Boris (Vaults:3)
  6 Killer Klowns (Zot:5)
  Vv (Depths:2)
  Saint Roka (Orc:2)
  Frederick (Vaults:2)
  Xtahua (Vaults:5)
  5 caustic shrikes
  2 curse toes
  A caustic shrike (shapeshifter) (Depths:2)
  16 golden dragons
  Nikola (Shoals:2)
  Geryon (Hell)
  Jory (Vaults:4)
  A bone dragon (Crypt:3)
  A profane servitor (Crypt:3)
  Norris (Depths:1)
  5 electric golems
  23 tentacled monstrosities
  A Hell Sentinel (Depths:1)
  3 Ice Fiends
  22 Orb Guardians
  9 liches
  Zenata (Crypt:2)
  Asterion (Snake:1)
  5 quicksilver dragons
  3 deep elf blademasters (Elf:3)
  A walking divine tome (Depths:3)
  5 titans
  10 sphinxes
  A sphinx (shapeshifter) (Depths:2)
  4 deep elf master archers
  A quicksilver dragon (shapeshifter) (Vaults:5)
  12 acid blobs
  2 walking frostbound tomes (Depths:3)
  Murray (Hell)
  A kraken (Shoals:3)
  3 ancient champions
  9 death cobs
  2 Executioners
  Kirke (Lair:3)
  2 revenants
  18 shadow dragons
  Donald (Vaults:2)
  8 tengu reavers
  18 storm dragons
  7 azure jellies
  9 draconian monks
  8 rockslimes
  6 nagarajas
  Ilsuiw (Shoals:2)
  A nargun (Zig:7)
  3 imperial myrmidons (Desolation)
  6 draconian knights
  9 deep elf sorcerers
  5 frost giants
  7 draconian scorchers
  5 fire giants
  A balrug (Depths:1)
  5 deep elf elementalists
  A ghost moth (shapeshifter) (Vaults:5)
  4 iron dragons
  6 draconian shifters
  15 vault wardens
  5 ghost moths
  18 ironbound preservers
  2 draconian stormcallers
  An orc warlord (Vaults:4)
  2 angels (Depths:4)
  20 stone giants
  6 ghouls
  A juggernaut skeleton (Crypt:2)
  4 reapers (Hell)
  17 very ugly things
  7 quicksilver oozes
  10 formless jellyfish
  7 draconian annihilators
  2 cacodemons
  3 war gargoyles
  6 spriggan defenders
  A caustic shrike skeleton (Depths:2)
  12 ironbound thunderhulks
  8 vampire knights
  11 green draconians
  2 halazid warlocks (Desolation)
  12 dire elephants
  6 deep elf demonologists
  5 wendigos (Zig:7)
  5 black draconians
  11 yellow draconians
  6 deep elf annihilators
  6 purple draconians
  12 red draconians
  11 white draconians
  10 spark wasps
  7 ettins
  13 deep elf death magi
  4 merfolk javelineers
  Josephine (D:15)
  3 crystal guardians
  A mummy priest (Zig:6)
  5 eidola
  3 entropy weavers
  13 yaktaur captains
  14 merfolk impalers
  7 ragged hierophants (Desolation)
  24 jiangshi
  7 fire dragons
  4 deep elf high priests
  A fenstrider witch zombie (Crypt:1)
  10 ice dragons
  2 rakshasas
  3 hell beasts
  5 salamander tyrants
  29 vault guards
  9 great orbs of eyes
  8 hydras
  7 merfolk avatars
  13 peacekeepers
  8 servants of whispers (Desolation)
  11 anacondas
  2 boulder beetles
  4 alligator snapping turtles
  10 spriggan air magi
  A quicksilver dragon skeleton (Crypt:3)
  11 merfolk aquamancers
  4 ironbound frosthearts
  3 catoblepae
  3 death knights (Crypt:3)
  2 ogre magi
  A two-headed ogre (D:10)
  A two-headed ogre (shapeshifter) (Depths:3)
  14 centaur warriors
  5 deep troll shamans
  Erica (D:10)
  9 naga warriors
  2 satyrs
  18 naga sharpshooters
  19 death yaks
  2 tengu warriors (Depths:2)
  4 deep troll earth magi
  2 occultists (Depths:2)
  A death scarab (Zig:6)
  Urug (Orc:2)
  An orc high priest (Orc:2)
  3 hell hogs (Depths:1)
  30 dancing weapons
  6 shock serpents
  5 spriggan berserkers
  16 hell knights
  11 vampire magi
  2 thrashing horrors (Zig:8)
  5 soul eaters
  26 deep elf knights
  A shadow wraith (Vaults:5)
  4 sun demons
  7 skysharks
  A death drake (shapeshifter) (Vaults:5)
  A spectral death yak (Lair:5)
  7 salamander mystics
  2 iron trolls
  2 storm dragon skeletons
  33 deep trolls
  2 sixfirhies
  A spark wasp zombie (Crypt:2)
  A spatial maelstrom (Zig:8)
  2 shadow demons (Hell)
  32 skeletal warriors
  15 sea snakes
  An orange crystal statue (Zig:9)
  A spectral anaconda (Lair:5)
  7 flayed ghosts
  A swamp dragon (Zot:3)
  6 glowing orange brains
  A goliath frog (Zig:1)
  An anaconda zombie (Crypt:1)
  2 bog bodies (Crypt:2)
  12 deep elf archers
  11 deep elf zephyrmancers
  8 phantasmal warriors
  5 naga ritualists
  2 spriggan simulacra
  2 shadow dragon zombies (Crypt:2)
  2 obsidian statues (Zig:9)
  11 orc knights
  30 harpies
  Pikel (D:6)
  A broodmother zombie (Crypt:1)
  22 ironbound convokers
  A mana viper (shapeshifter) (Vaults:5)
  21 necromancers
  17 lindwurms
  An anaconda skeleton (Crypt:1)
  8 arcanists
  36 deep elf pyromancers
  33 ugly things
  8 fauns
  6 mana vipers
  A frost giant zombie (Vaults:3)
  4 orc sorcerers
  5 cyclopes
  5 shining eyes
  13 manticores
  A jorogumo skeleton (Crypt:2)
  An iron dragon skeleton (Crypt:1)
  24 salamanders
  9 rust devils
  13 merfolk sirens
  26 moths of wrath
  11 guardian serpents
  A titan simulacrum (Crypt:2)
  17 elephants
  26 black mambas
  3 eyes of devastation
  2 frost giant skeletons
  2 stone giant skeletons
  5 water nymphs
  11 naga magi
  4 centaur zombies
  5 molten gargoyles
  13 smoke demons
  17 vault sentinels
  An ice statue (Zig:9)
  6 gargoyles
  12 cane toads
  Maggie (D:8)
  5 large abominations
  An alligator snapping turtle zombie (Crypt:2)
  A dire elephant zombie (Lair:5)
  3 human zombies (Vaults:3)
  6 komodo dragons
  An eye of devastation (shapeshifter) (Vaults:5)
  2 unseen horrors
  35 yaktaurs
  2 rime drakes (Lair:3)
  2 centaur skeletons (D:15)
  A hellion (Depths:4)
  An alligator snapping turtle skeleton (Crypt:2)
  3 efreet
  A swamp worm zombie (Crypt:1)
  A harpy zombie (Crypt:3)
  A spriggan skeleton (Zig:2)
  5 ice devils
  5 freezing wraiths
  An ancient zyme (Zig:8)
  A green draconian skeleton (Crypt:2)
  2 guardian mummies (Zig:6)
  6 tengu conjurers
  22 merfolk
  A red devil (Hell)
  A spectral harpy (Crypt:3)
  2 polar bears
  A hydra zombie (Crypt:2)
  A hellwing (Depths:4)
  5 trolls
  A tarantella (Vaults:3)
  9 meliai
  57 saltlings (Desolation)
  3 tarantellas (shapeshifter)
  A tengu simulacrum (Zig:7)
  2 hornets (shapeshifter) (D:15)
  A silent spectre (Zig:8)
  3 hornets
  A bloated husk (Zig:1)
  15 blink frogs
  6 wind drakes
  13 snapping turtles
  A raiju (Zig:8)
  4 glass eyes
  2 harpy skeletons
  2 human simulacra
  2 ettin zombies
  A jumping spider (shapeshifter) (Vaults:4)
  4 dream sheep
  57 flying skulls
  A guardian serpent skeleton (Crypt:2)
  4 shadows
  85 slime creatures
  5 vampires
  2 naga simulacra
  13 water elementals
  3 air elementals
  5 fire elementals
  An ettin skeleton (Zig:6)
  8 fire bats (Lair:3)
  An elf zombie (Vaults:3)
  16 wraiths
  4 wyverns
  4 hogs (Lair:3)
  22 golden eyes
  51 yaks
  3 redbacks
  2 golden eyes (shapeshifter) (D:15)
  A chaos spawn (D:8)
  A neqoxec (Zig:8)
  3 ushabtiu
  3 humans (D:14)
  5 vampire mosquitoes
  5 basilisks
  A steam dragon (D:7)
  2 yaktaur simulacra
  A redback (shapeshifter) (Depths:3)
  A death yak simulacrum (Lair:5)
  The ghost of LeprechaunX the Changeling, an amateur OpSh (D:4)
  A spectral cane toad (Lair:5)
  25 nagas
  4 acid dragons
  3 wargs
  3 deep troll zombies (Crypt:1)
  11 water moccasins
  A glowing shapeshifter skeleton (Vaults:3)
  A deep troll skeleton (Crypt:1)
  3 black bears
  A black bear (shapeshifter) (Elf:1)
  An elephant zombie (Lair:5)
  43 orc warriors
  3 sky beasts (D:7)
  5 small abominations
  A boggart (Vaults:1)
  5 ogres (Orc:2)
  26 wolves
  4 centaurs
  An elephant skeleton (Lair:5)
  2 human skeletons
  A lemure (D:6)
  A swamp dragon skeleton (Crypt:2)
  10 kobold brigands
  9 necrophages
  A draconian zombie (Crypt:1)
  11 bullfrogs
  A gnoll sergeant (D:9)
  An earth elemental (Elf:1)
  A wyvern zombie (Crypt:2)
  2 cane toad simulacra (Lair:5)
  9 wights
  15 killer bees
  A yak skeleton (Crypt:1)
  2 electric eels
  10 howler monkeys
  A wolf zombie (Crypt:2)
  A crimson imp (D:7)
  2 lava snakes (Lair:3)
  18 orc priests
  Crazy Yiuf (D:2)
  A bullfrog skeleton (Crypt:2)
  A hound (D:7)
  6 starcursed masses (Zig:8)
  5 iguanas
  31 orc wizards
  A sleepcap (D:8)
  10 hell rats
  A lightning spire (Zot:4)
  7 mummies
  6 adders
  13 gnolls
  3 white imps
  2 ufetubi (D:6)
  A dart slug (D:1)
  83 orcs
  8 endoplasms
  7 giant cockroaches
  10 goblins
  3 hobgoblins
  2 jackals (D:1)
  7 quokkas
  9 ball pythons
  6 bats
  24 kobolds
  22 rats
  2 boulders
  4 fire vortices (Depths:4)
  5 tentacles (Shoals:3)
2677 creatures vanquished.

Vanquished Creatures (collateral kills)
  Mennas (Vaults:2)
  A storm dragon (Zot:4)
  A vampire knight (Vaults:2)
  An orc (D:12)
  38 boulders
42 creatures vanquished.

Vanquished Creatures (others)
  A Killer Klown (Zot:5)
  An Orb Guardian (Zot:5)
  A very ugly thing (Vaults:3)
  A merfolk (Shoals:2)
  A wind drake (Shoals:2)
  A starcursed mass (Zig:8)
  A water elemental (Elf:1)
  55 boulders
  A fire vortex (Depths:4)
  A spectral weapon (Snake:1)
  13 tentacles (Shoals:3)
77 creatures vanquished.

Grand Total: 2796 creatures vanquished

Table legend:
 A = Non-vault XP
 B = Vault XP
 C = Vault XP percentage of total XP
 D = Non-vault monster count
 E = Vault monster count
 F = Vault count percentage of total count
                 A         B        C        D         E       F
            +---------+---------+-------+---------+---------+-------
      Total |  829408 |  846167 |  50.5 |    1526 |    1120 |  42.3
            +---------+---------+-------+---------+---------+-------
        D:1 |      43 |       0 |   0.0 |      25 |       0 |   0.0
        D:2 |      14 |      64 |  82.1 |       8 |       7 |  46.7
        D:3 |      44 |       3 |   6.4 |      12 |       1 |   7.7
        D:4 |      44 |     187 |  81.0 |      12 |      20 |  62.5
        D:5 |     169 |       0 |   0.0 |       6 |       0 |   0.0
        D:6 |     329 |     617 |  65.2 |      13 |       1 |   7.1
        D:7 |    1429 |      61 |   4.1 |      21 |       2 |   8.7
        D:8 |    1027 |     409 |  28.5 |      14 |       1 |   6.7
        D:9 |    2489 |    3393 |  57.7 |      40 |      11 |  21.6
       D:10 |    2387 |    5527 |  69.8 |      24 |      12 |  33.3
       D:11 |    5763 |      35 |   0.6 |      25 |       1 |   3.8
       D:12 |    4402 |    1032 |  19.0 |      14 |      15 |  51.7
       D:13 |    6937 |       0 |   0.0 |      14 |       0 |   0.0
       D:14 |    6012 |    7068 |  54.0 |      17 |      13 |  43.3
       D:15 |    7053 |    6773 |  49.0 |      17 |      15 |  46.9
     Lair:1 |    7912 |    3016 |  27.6 |      31 |       6 |  16.2
     Lair:2 |    5805 |       0 |   0.0 |      25 |       0 |   0.0
     Lair:3 |   10311 |    2981 |  22.4 |      44 |       7 |  13.7
     Lair:4 |   13160 |       0 |   0.0 |      40 |       0 |   0.0
     Lair:5 |   13161 |   13703 |  51.0 |      25 |      26 |  51.0
   Shoals:1 |   15618 |       0 |   0.0 |      27 |       0 |   0.0
   Shoals:2 |   24180 |    6461 |  21.1 |      48 |       6 |  11.1
   Shoals:3 |   14382 |       0 |   0.0 |      28 |       0 |   0.0
   Shoals:4 |   15866 |   21362 |  57.4 |      31 |      32 |  50.8
    Snake:1 |    5415 |    3340 |  38.1 |      11 |       3 |  21.4
    Snake:2 |    6007 |       0 |   0.0 |      12 |       0 |   0.0
    Snake:3 |   22133 |    6117 |  21.7 |      40 |      10 |  20.0
    Snake:4 |   24923 |   27123 |  52.1 |      43 |      43 |  50.0
    Slime:1 |   20172 |       0 |   0.0 |      40 |       0 |   0.0
    Slime:2 |   11882 |    7229 |  37.8 |      19 |       1 |   5.0
    Slime:3 |    9297 |       0 |   0.0 |      19 |       0 |   0.0
    Slime:4 |    7156 |       0 |   0.0 |      12 |       0 |   0.0
    Slime:5 |   16281 |   19264 |  54.2 |      29 |      16 |  35.6
      Orc:1 |     640 |       0 |   0.0 |      13 |       0 |   0.0
      Orc:2 |    2322 |    8918 |  79.3 |      35 |      78 |  69.0
      Elf:1 |    7736 |    9462 |  55.0 |      11 |      15 |  57.7
      Elf:2 |   28833 |   23786 |  45.2 |      45 |      31 |  40.8
      Elf:3 |   15606 |   36287 |  69.9 |      26 |      31 |  54.4
   Vaults:1 |   33640 |   18114 |  35.0 |      56 |      27 |  32.5
   Vaults:2 |   21943 |   32176 |  59.5 |      35 |      36 |  50.7
   Vaults:3 |   20274 |   46984 |  69.9 |      33 |      57 |  63.3
   Vaults:4 |   20538 |   11125 |  35.1 |      28 |      15 |  34.9
   Vaults:5 |   30192 |   82107 |  73.1 |      44 |      72 |  62.1
    Crypt:1 |   15588 |    6697 |  30.1 |      25 |      11 |  30.6
    Crypt:2 |   39521 |    1770 |   4.3 |      65 |       1 |   1.5
    Crypt:3 |       0 |   65472 | 100.0 |       0 |     125 | 100.0
   Depths:1 |   25609 |   18271 |  41.6 |      29 |      23 |  44.2
   Depths:2 |     717 |   84093 |  99.2 |       3 |      82 |  96.5
   Depths:3 |   34680 |   28434 |  45.1 |      36 |      18 |  33.3
   Depths:4 |   21475 |   22575 |  51.2 |      19 |      20 |  51.3
       Hell |    8924 |   28731 |  76.3 |      19 |      41 |  68.3
      Zot:1 |   42553 |   16452 |  27.9 |      31 |      13 |  29.5
      Zot:2 |   61692 |   20300 |  24.8 |      52 |      15 |  22.4
      Zot:3 |   26475 |    7222 |  21.4 |      22 |       4 |  15.4
      Zot:4 |   16927 |   23980 |  58.6 |      12 |      14 |  53.8
      Zot:5 |   31267 |   67418 |  68.3 |      24 |      29 |  54.7
      Zig:1 |     965 |       0 |   0.0 |       2 |       0 |   0.0
      Zig:2 |     579 |       0 |   0.0 |       5 |       0 |   0.0
      Zig:3 |    3550 |       0 |   0.0 |       3 |       0 |   0.0
      Zig:4 |    4225 |       0 |   0.0 |       6 |       0 |   0.0
      Zig:5 |    3534 |       0 |   0.0 |       6 |       0 |   0.0
      Zig:6 |    3745 |       0 |   0.0 |      13 |       0 |   0.0
      Zig:7 |    6563 |       0 |   0.0 |       7 |       0 |   0.0
      Zig:8 |    8924 |       0 |   0.0 |      21 |       0 |   0.0
      Zig:9 |    8368 |    2526 |  23.2 |      14 |       4 |  22.2
     Bailey |       0 |    1346 | 100.0 |       0 |      16 | 100.0
 Desolation |       0 |   46156 | 100.0 |       0 |      93 | 100.0
            +---------+---------+-------+---------+---------+-------

Skill      XL: |  1  2  3  4  5  6  7  8  9 10 11 12 13 14 15 16 17 18 19 20 21 22 23 24 25 26 27 |
---------------+----------------------------------------------------------------------------------+-----
Earth Magic    | 4 5 6 8 10 11 12 13 14 15 16 17 18 20 23 24 | 24.2
Conjurations   | 1 2 3 6 8 9 10 11 12 13 14 15 16 17 18 19 20 21 | 21.9
Stealth        | 5 7 8 9 |  9.6
Dodging        | 5 6 8 10 | 10.0
Spellcasting   | 5 7 8 9 11 12 13 14 15 16 17 18 19 20 21 24 26 27 | 27.0
Translocations | 3 5 6 8 9 11 12 13 | 13.7
Ice Magic      | 3 5 6 7 8 9 11 12 | 12.7
Air Magic      | 1 3 5 6 7 9 10 11 12 13 14 21 | 21.4
Short Blades   | 1 4 5 6 |  6.9
Fighting       | 2 3 4 5 6 7 8 12 | 12.0
Evocations     | 3 4 5 7 12 | 12.0
Transmutations | 3 5 7 9 10 11 13 14 16 | 16.5
Armour         | 1 3 4 5 |  5.0
Staves         | 2 3 5 10 | 10.7
Necromancy     | 2 3 5 9 11 13 | 13.1

Action                     |  1- 3 |  4- 6 |  7- 9 | 10-12 | 13-15 | 16-18 | 19-21 | 22-24 | 25-27 || total
---------------------------+-------+-------+-------+-------+-------+-------+-------+-------+-------++-------
  Melee: Dagger            |     5 |    29 |     2 |   121 |    61 |    31 |    12 |     1 |     2 ||   264
         Spear             |       |       |       |     9 |    33 |       |       |       |       ||    42
         Staff             |       |       |       |       |       |     2 |    28 |       |    23 ||    53
  Throw: Dart              |       |       |       |       |     2 |     1 |       |       |     1 ||     4
   Cast: Sandblast         |    52 |    64 |    42 |    20 |    84 |    20 |    17 |       |     2 ||   301
         Stone Arrow       |       |    15 |    78 |   218 |   235 |   231 |    49 |    78 |    72 ||   976
         Brom's Barrelling |       |       |     2 |    25 |    47 |     8 |    22 |     8 |     8 ||   120
         Frozen Ramparts   |       |       |       |    39 |    16 |     2 |     1 |       |       ||    58
         Iskenderun's Myst |       |       |       |     6 |    32 |    34 |    33 |    79 |   139 ||   323
         Airstrike         |       |       |       |    16 |    37 |   412 |    58 |   129 |   370 ||  1022
         Freezing Cloud    |       |       |       |     1 |    27 |    27 |    15 |     6 |    23 ||    99
         Bombard           |       |       |       |       |   282 |    95 |   159 |   137 |   401 ||  1074
         Irradiate         |       |       |       |       |     4 |     4 |     2 |     7 |     4 ||    21
         Iskenderun's Batt |       |       |       |       |       |    99 |    40 |    37 |    24 ||   200
         Lee's Rapid Decon |       |       |       |       |       |    72 |   184 |   278 |   622 ||  1156
         Borgnjor's Vile C |       |       |       |       |       |       |     2 |    10 |    23 ||    35
         Orb of Destructio |       |       |       |       |       |       |       |    10 |    44 ||    54
         Hailstorm         |       |       |       |       |       |       |       |     8 |       ||     8
         Shatter           |       |       |       |       |       |       |       |       |    30 ||    30
         Chain Lightning   |       |       |       |       |       |       |       |       |    10 ||    10
         Maxwell's Capacit |       |       |       |       |       |       |       |       |     6 ||     6
  Evoke: Wand              |       |     7 |     1 |     3 |    14 |    11 |    11 |     3 |    15 ||    65
         Phantom mirror    |       |       |       |       |     1 |       |     1 |       |       ||     2
         Lightning rod     |       |       |       |       |       |     1 |     5 |     4 |     6 ||    16
         Box of beasts     |       |       |       |       |       |       |     1 |       |       ||     1
         Condenser vane    |       |       |       |       |       |       |       |       |     3 ||     3
         Horn of Geryon    |       |       |       |       |       |       |       |       |     1 ||     1
    Use: Scroll            |     3 |    18 |     3 |    10 |     9 |     7 |     6 |     8 |    31 ||    95
         Potion            |       |     1 |     2 |     6 |     4 |     3 |     8 |     7 |    37 ||    68
   Stab: Sleeping          |       |     1 |       |     4 |    14 |     5 |     3 |     1 |     2 ||    30
         Paralysed         |       |     2 |       |       |       |       |       |       |       ||     2
         Distracted        |       |       |       |       |     1 |     1 |       |       |       ||     2
 Armour: Robe              |     7 |    26 |     9 |       |       |       |       |       |       ||    42
         Steam dragon scal |       |       |     8 |   197 |    22 |       |       |       |       ||   227
         Skin              |       |       |     3 |    19 |       |       |       |       |       ||    22
         Leather armour    |       |       |       |       |   198 |       |       |       |       ||   198
         Ring mail         |       |       |       |       |    26 |   281 |   232 |   138 |       ||   677
         Quicksilver drago |       |       |       |       |       |       |       |   105 |   482 ||   587
  Dodge: Dodged            |     6 |    23 |    37 |   233 |   191 |   139 |    79 |    83 |   188 ||   979

Illustrated notes

Table legend:
 A = Kills in this place as a percentage of kills in the entire game.
 B = Kills by you in this place as a percentage of kills by you in the entire game.
 C = Kills by friends in this place as a percentage of kills by friends in the entire game.
 D = Other kills in this place as a percentage of other kills in the entire game.
 E = Experience gained in this place as a percentage of experience gained in the entire game.
 F = Experience gained in this place divided by the number of levels of this place that you have seen.
                   A       B       C       D       E      F
               +-------+-------+-------+-------+-------+----------------------
         Total | 100.0 | 100.0 | 100.0 | 100.0 | 100.0 | 24464.6
       Dungeon |  13.9 |  13.9 |  25.0 |   0.0 |   4.4 | 5074.1
          Lair |   7.6 |   7.7 |   0.0 |   0.0 |   4.1 | 14009.8
        Shoals |   6.4 |   6.4 |   0.0 |  33.3 |   5.7 | 24467.2
     Snake Pit |   6.1 |   6.1 |   0.0 |   0.0 |   5.6 | 23764.5
    Slime Pits |   5.1 |   5.1 |   0.0 |   0.0 |   5.3 | 18256.2
  Orcish Mines |   4.7 |   4.7 |   0.0 |   0.0 |   0.7 | 5940.0
   Elven Halls |   5.9 |   5.9 |   0.0 |  16.7 |   7.1 | 40570.0
        Vaults |  15.1 |  15.0 |  50.0 |  16.7 |  18.5 | 63418.6
         Crypt |   8.5 |   8.5 |   0.0 |   0.0 |   7.5 | 43016.0
        Depths |   9.0 |   9.0 |   0.0 |   0.0 |  14.4 | 61523.5
          Hell |   2.2 |   2.3 |   0.0 |   0.0 |   2.2 | 37655.0
           Zot |   8.4 |   8.3 |  25.0 |  16.7 |  19.2 | 65638.2
      Ziggurat |   3.0 |   3.0 |   0.0 |  16.7 |   2.5 | 4775.4
        Bailey |   0.6 |   0.6 |   0.0 |   0.0 |   0.1 | 1346.0
    Desolation |   3.5 |   3.5 |   0.0 |   0.0 |   2.7 | 46156.0
               +-------+-------+-------+-------+-------+----------------------

Table legend: (Time is in decaauts)
 A = Elapsed time spent in this place.
 B = Non-inter-level travel time spent in this place.
 C = Inter-level travel time spent in this place.
 D = Time resting spent in this place.
 E = Time spent auto-exploring this place.
 F = Levels seen in this place.
 G = Mean time per level.
                   A        B        C        D        E       F      G
               +--------+--------+--------+--------+--------+-----+--------+
         Total | 114783 | 100371 |  14412 |  44160 |  31949 |  70 | 1639.8 |
       Dungeon |  25482 |  19343 |   6139 |   6714 |   8864 |  15 | 1698.8 |
        Temple |     35 |     19 |     16 |      0 |      0 |   1 |   35.0 |
          Lair |  15071 |  13406 |   1665 |   6959 |   2325 |   5 | 3014.2 |
        Shoals |   5384 |   5002 |    382 |   1312 |   2415 |   4 | 1346.0 |
     Snake Pit |   7948 |   7018 |    930 |   3156 |   2040 |   4 | 1987.0 |
    Slime Pits |   3894 |   3892 |      2 |   2255 |     12 |   5 |  778.8 |
  Orcish Mines |   3193 |   2671 |    522 |    961 |   1108 |   2 | 1596.5 |
   Elven Halls |   6513 |   5882 |    631 |   1844 |   2444 |   3 | 2171.0 |
        Vaults |  12697 |   9984 |   2713 |   3236 |   4146 |   5 | 2539.4 |
         Crypt |   5821 |   5642 |    179 |   2660 |   1914 |   3 | 1940.3 |
        Depths |  11350 |  10558 |    792 |   5888 |   2844 |   4 | 2837.5 |
          Hell |   1005 |    982 |     23 |    385 |    432 |   1 | 1005.0 |
           Zot |  11973 |  11560 |    413 |   6263 |   2716 |   5 | 2394.6 |
      Ziggurat |   1874 |   1874 |      0 |   1447 |      0 |   9 |  208.2 |
         Trove |     49 |     49 |      0 |      0 |      0 |   1 |   49.0 |
        Bailey |    843 |    843 |      0 |    645 |     28 |   1 |  843.0 |
        Wizlab |    115 |    115 |      0 |     34 |      0 |   1 |  115.0 |
    Desolation |   1529 |   1529 |      0 |    398 |    659 |   1 | 1529.0 |
               +--------+--------+--------+--------+--------+-----+--------+

Top non-repeatable levels by time:
  Lair:5: 3951 daAuts
Depths:1: 3814 daAuts
Vaults:1: 3744 daAuts
  Lair:3: 3541 daAuts
   Zot:5: 3299 daAuts
    D:12: 3231 daAuts
Depths:2: 3033 daAuts
Depths:4: 2857 daAuts
 Snake:4: 2695 daAuts
    D:14: 2683 daAuts
   Zot:2: 2681 daAuts
  Lair:4: 2678 daAuts
 Crypt:3: 2619 daAuts
  Lair:2: 2600 daAuts
   Elf:3: 2548 daAuts
